%YAML 1.1
%TAG !u! tag:unity3d.com,2011:
--- !u!1 &1207814860756739736
GameObject:
  m_ObjectHideFlags: 0
  m_CorrespondingSourceObject: {fileID: 0}
  m_PrefabInstance: {fileID: 0}
  m_PrefabAsset: {fileID: 0}
  serializedVersion: 6
  m_Component:
  - component: {fileID: 1984070501502794786}
  - component: {fileID: 3181527117962195847}
  - component: {fileID: 847795239412844365}
  - component: {fileID: 2018295320627829707}
  m_Layer: 0
  m_Name: base 2x2 orange
  m_TagString: Untagged
  m_Icon: {fileID: 0}
  m_NavMeshLayer: 0
  m_StaticEditorFlags: 0
  m_IsActive: 1
--- !u!4 &1984070501502794786
Transform:
  m_ObjectHideFlags: 0
  m_CorrespondingSourceObject: {fileID: 0}
  m_PrefabInstance: {fileID: 0}
  m_PrefabAsset: {fileID: 0}
  m_GameObject: {fileID: 1207814860756739736}
  m_LocalRotation: {x: 0, y: -0, z: -0, w: 1}
  m_LocalPosition: {x: -457.50787, y: 37.6, z: 28.99}
  m_LocalScale: {x: 1.5, y: 1.5, z: 1.5}
  m_ConstrainProportionsScale: 0
  m_Children:
  - {fileID: 8492263584655137766}
  - {fileID: 8959568274561356747}
  - {fileID: 8081137920421399921}
  - {fileID: 2261872294952469264}
  - {fileID: 8461116321652528926}
  - {fileID: 7638567322990612377}
  - {fileID: 3981553153183016306}
  - {fileID: 8880333092648628487}
  - {fileID: 1005267538554616206}
  - {fileID: 735654777933558708}
  - {fileID: 8688335276569543747}
  - {fileID: 478297858863033738}
  - {fileID: 2070748323469587339}
  - {fileID: 3059339623763394146}
  - {fileID: 3505515644674631678}
  - {fileID: 2924044412425401350}
  - {fileID: 8929696500435464793}
  - {fileID: 5153327508333021765}
  - {fileID: 4407254289913953115}
  - {fileID: 5852553877923778913}
  - {fileID: 6967374976441706194}
  - {fileID: 4381857363536466804}
  - {fileID: 5429640868845186446}
  - {fileID: 7561088838547670672}
  - {fileID: 3732346140746474327}
  - {fileID: 9024536086494778028}
  - {fileID: 2637082400299291067}
  - {fileID: 5288535296555020028}
  m_Father: {fileID: 0}
  m_RootOrder: 0
  m_LocalEulerAnglesHint: {x: 0, y: 0, z: 0}
--- !u!33 &3181527117962195847
MeshFilter:
  m_ObjectHideFlags: 0
  m_CorrespondingSourceObject: {fileID: 0}
  m_PrefabInstance: {fileID: 0}
  m_PrefabAsset: {fileID: 0}
  m_GameObject: {fileID: 1207814860756739736}
  m_Mesh: {fileID: 7418876013670601651, guid: f48b91dccd57a0147af32ae877f34a30, type: 3}
--- !u!23 &847795239412844365
MeshRenderer:
  m_ObjectHideFlags: 0
  m_CorrespondingSourceObject: {fileID: 0}
  m_PrefabInstance: {fileID: 0}
  m_PrefabAsset: {fileID: 0}
  m_GameObject: {fileID: 1207814860756739736}
  m_Enabled: 1
  m_CastShadows: 1
  m_ReceiveShadows: 1
  m_DynamicOccludee: 1
  m_StaticShadowCaster: 0
  m_MotionVectors: 1
  m_LightProbeUsage: 1
  m_ReflectionProbeUsage: 1
  m_RayTracingMode: 2
  m_RayTraceProcedural: 0
  m_RenderingLayerMask: 1
  m_RendererPriority: 0
  m_Materials:
  - {fileID: 2100000, guid: f0aa92c51b031cc448f08e9da06f038d, type: 2}
  m_StaticBatchInfo:
    firstSubMesh: 0
    subMeshCount: 0
  m_StaticBatchRoot: {fileID: 0}
  m_ProbeAnchor: {fileID: 0}
  m_LightProbeVolumeOverride: {fileID: 0}
  m_ScaleInLightmap: 1
  m_ReceiveGI: 1
  m_PreserveUVs: 0
  m_IgnoreNormalsForChartDetection: 0
  m_ImportantGI: 0
  m_StitchLightmapSeams: 1
  m_SelectedEditorRenderState: 3
  m_MinimumChartSize: 4
  m_AutoUVMaxDistance: 0.5
  m_AutoUVMaxAngle: 89
  m_LightmapParameters: {fileID: 0}
  m_SortingLayerID: 0
  m_SortingLayer: 0
  m_SortingOrder: 0
  m_AdditionalVertexStreams: {fileID: 0}
--- !u!65 &2018295320627829707
BoxCollider:
  m_ObjectHideFlags: 0
  m_CorrespondingSourceObject: {fileID: 0}
  m_PrefabInstance: {fileID: 0}
  m_PrefabAsset: {fileID: 0}
  m_GameObject: {fileID: 1207814860756739736}
  m_Material: {fileID: 0}
  m_IsTrigger: 0
  m_Enabled: 0
  serializedVersion: 2
  m_Size: {x: 5.1290073, y: 0.24045451, z: 5.117426}
  m_Center: {x: -0.00000035762787, y: 0.120227255, z: 0}
--- !u!1001 &949447428232562596
PrefabInstance:
  m_ObjectHideFlags: 0
  serializedVersion: 2
  m_Modification:
    m_TransformParent: {fileID: 1984070501502794786}
    m_Modifications:
    - target: {fileID: 5269654514791963608, guid: f2be98c86c042db4c98a5071424644ca,
        type: 3}
      propertyPath: m_Name
      value: roof 2x2 ready
      objectReference: {fileID: 0}
    - target: {fileID: 8716587180357524546, guid: f2be98c86c042db4c98a5071424644ca,
        type: 3}
      propertyPath: m_RootOrder
      value: 0
      objectReference: {fileID: 0}
    - target: {fileID: 8716587180357524546, guid: f2be98c86c042db4c98a5071424644ca,
        type: 3}
      propertyPath: m_LocalPosition.x
      value: 0
      objectReference: {fileID: 0}
    - target: {fileID: 8716587180357524546, guid: f2be98c86c042db4c98a5071424644ca,
        type: 3}
      propertyPath: m_LocalPosition.y
      value: 4.8199983
      objectReference: {fileID: 0}
    - target: {fileID: 8716587180357524546, guid: f2be98c86c042db4c98a5071424644ca,
        type: 3}
      propertyPath: m_LocalPosition.z
      value: 0
      objectReference: {fileID: 0}
    - target: {fileID: 8716587180357524546, guid: f2be98c86c042db4c98a5071424644ca,
        type: 3}
      propertyPath: m_LocalRotation.w
      value: 1
      objectReference: {fileID: 0}
    - target: {fileID: 8716587180357524546, guid: f2be98c86c042db4c98a5071424644ca,
        type: 3}
      propertyPath: m_LocalRotation.x
      value: -0
      objectReference: {fileID: 0}
    - target: {fileID: 8716587180357524546, guid: f2be98c86c042db4c98a5071424644ca,
        type: 3}
      propertyPath: m_LocalRotation.y
      value: 0
      objectReference: {fileID: 0}
    - target: {fileID: 8716587180357524546, guid: f2be98c86c042db4c98a5071424644ca,
        type: 3}
      propertyPath: m_LocalRotation.z
      value: -0
      objectReference: {fileID: 0}
    - target: {fileID: 8716587180357524546, guid: f2be98c86c042db4c98a5071424644ca,
        type: 3}
      propertyPath: m_LocalEulerAnglesHint.x
      value: 0
      objectReference: {fileID: 0}
    - target: {fileID: 8716587180357524546, guid: f2be98c86c042db4c98a5071424644ca,
        type: 3}
      propertyPath: m_LocalEulerAnglesHint.y
      value: 0
      objectReference: {fileID: 0}
    - target: {fileID: 8716587180357524546, guid: f2be98c86c042db4c98a5071424644ca,
        type: 3}
      propertyPath: m_LocalEulerAnglesHint.z
      value: 0
      objectReference: {fileID: 0}
    m_RemovedComponents: []
  m_SourcePrefab: {fileID: 100100000, guid: f2be98c86c042db4c98a5071424644ca, type: 3}
--- !u!4 &8492263584655137766 stripped
Transform:
  m_CorrespondingSourceObject: {fileID: 8716587180357524546, guid: f2be98c86c042db4c98a5071424644ca,
    type: 3}
  m_PrefabInstance: {fileID: 949447428232562596}
  m_PrefabAsset: {fileID: 0}
--- !u!1001 &1253170026879959850
PrefabInstance:
  m_ObjectHideFlags: 0
  serializedVersion: 2
  m_Modification:
    m_TransformParent: {fileID: 1984070501502794786}
    m_Modifications:
    - target: {fileID: 1372845580, guid: 84af0d806bc63084487df1bf6bcb6aeb, type: 3}
      propertyPath: m_IsKinematic
      value: 1
      objectReference: {fileID: 0}
    - target: {fileID: 1011040119301881913, guid: 84af0d806bc63084487df1bf6bcb6aeb,
        type: 3}
      propertyPath: m_Name
      value: door orange ready
      objectReference: {fileID: 0}
    - target: {fileID: 1011040119301881914, guid: 84af0d806bc63084487df1bf6bcb6aeb,
        type: 3}
      propertyPath: m_RootOrder
      value: 3
      objectReference: {fileID: 0}
    - target: {fileID: 1011040119301881914, guid: 84af0d806bc63084487df1bf6bcb6aeb,
        type: 3}
      propertyPath: m_LocalPosition.x
      value: 2.213623
      objectReference: {fileID: 0}
    - target: {fileID: 1011040119301881914, guid: 84af0d806bc63084487df1bf6bcb6aeb,
        type: 3}
      propertyPath: m_LocalPosition.y
      value: 0.24045563
      objectReference: {fileID: 0}
    - target: {fileID: 1011040119301881914, guid: 84af0d806bc63084487df1bf6bcb6aeb,
        type: 3}
      propertyPath: m_LocalPosition.z
      value: -0.9699993
      objectReference: {fileID: 0}
    - target: {fileID: 1011040119301881914, guid: 84af0d806bc63084487df1bf6bcb6aeb,
        type: 3}
      propertyPath: m_LocalRotation.w
      value: 1
      objectReference: {fileID: 0}
    - target: {fileID: 1011040119301881914, guid: 84af0d806bc63084487df1bf6bcb6aeb,
        type: 3}
      propertyPath: m_LocalRotation.x
      value: -0
      objectReference: {fileID: 0}
    - target: {fileID: 1011040119301881914, guid: 84af0d806bc63084487df1bf6bcb6aeb,
        type: 3}
      propertyPath: m_LocalRotation.y
      value: 0
      objectReference: {fileID: 0}
    - target: {fileID: 1011040119301881914, guid: 84af0d806bc63084487df1bf6bcb6aeb,
        type: 3}
      propertyPath: m_LocalRotation.z
      value: -0
      objectReference: {fileID: 0}
    - target: {fileID: 1011040119301881914, guid: 84af0d806bc63084487df1bf6bcb6aeb,
        type: 3}
      propertyPath: m_LocalEulerAnglesHint.x
      value: 0
      objectReference: {fileID: 0}
    - target: {fileID: 1011040119301881914, guid: 84af0d806bc63084487df1bf6bcb6aeb,
        type: 3}
      propertyPath: m_LocalEulerAnglesHint.y
      value: 0
      objectReference: {fileID: 0}
    - target: {fileID: 1011040119301881914, guid: 84af0d806bc63084487df1bf6bcb6aeb,
        type: 3}
      propertyPath: m_LocalEulerAnglesHint.z
      value: 0
      objectReference: {fileID: 0}
    m_RemovedComponents: []
  m_SourcePrefab: {fileID: 100100000, guid: 84af0d806bc63084487df1bf6bcb6aeb, type: 3}
--- !u!114 &1253170025524311329 stripped
MonoBehaviour:
  m_CorrespondingSourceObject: {fileID: 1372845579, guid: 84af0d806bc63084487df1bf6bcb6aeb,
    type: 3}
  m_PrefabInstance: {fileID: 1253170026879959850}
  m_PrefabAsset: {fileID: 0}
  m_GameObject: {fileID: 0}
  m_Enabled: 1
  m_EditorHideFlags: 0
  m_Script: {fileID: 11500000, guid: 84acdbaca5b6447097feb36c07eef96b, type: 3}
  m_Name: 
  m_EditorClassIdentifier: 
--- !u!4 &2261872294952469264 stripped
Transform:
  m_CorrespondingSourceObject: {fileID: 1011040119301881914, guid: 84af0d806bc63084487df1bf6bcb6aeb,
    type: 3}
  m_PrefabInstance: {fileID: 1253170026879959850}
  m_PrefabAsset: {fileID: 0}
--- !u!1001 &1484577478399462754
PrefabInstance:
  m_ObjectHideFlags: 0
  serializedVersion: 2
  m_Modification:
    m_TransformParent: {fileID: 1984070501502794786}
    m_Modifications:
    - target: {fileID: 4327411407141173604, guid: d01155fd06cb52643b84507b6615829c,
        type: 3}
      propertyPath: m_RootOrder
      value: 15
      objectReference: {fileID: 0}
    - target: {fileID: 4327411407141173604, guid: d01155fd06cb52643b84507b6615829c,
        type: 3}
      propertyPath: m_LocalPosition.x
      value: -2.2311707
      objectReference: {fileID: 0}
    - target: {fileID: 4327411407141173604, guid: d01155fd06cb52643b84507b6615829c,
        type: 3}
      propertyPath: m_LocalPosition.y
      value: 2.6399982
      objectReference: {fileID: 0}
    - target: {fileID: 4327411407141173604, guid: d01155fd06cb52643b84507b6615829c,
        type: 3}
      propertyPath: m_LocalPosition.z
      value: -0.97999954
      objectReference: {fileID: 0}
    - target: {fileID: 4327411407141173604, guid: d01155fd06cb52643b84507b6615829c,
        type: 3}
      propertyPath: m_LocalRotation.w
      value: 1
      objectReference: {fileID: 0}
    - target: {fileID: 4327411407141173604, guid: d01155fd06cb52643b84507b6615829c,
        type: 3}
      propertyPath: m_LocalRotation.x
      value: -0
      objectReference: {fileID: 0}
    - target: {fileID: 4327411407141173604, guid: d01155fd06cb52643b84507b6615829c,
        type: 3}
      propertyPath: m_LocalRotation.y
      value: 0
      objectReference: {fileID: 0}
    - target: {fileID: 4327411407141173604, guid: d01155fd06cb52643b84507b6615829c,
        type: 3}
      propertyPath: m_LocalRotation.z
      value: -0
      objectReference: {fileID: 0}
    - target: {fileID: 4327411407141173604, guid: d01155fd06cb52643b84507b6615829c,
        type: 3}
      propertyPath: m_LocalEulerAnglesHint.x
      value: 0
      objectReference: {fileID: 0}
    - target: {fileID: 4327411407141173604, guid: d01155fd06cb52643b84507b6615829c,
        type: 3}
      propertyPath: m_LocalEulerAnglesHint.y
      value: 0
      objectReference: {fileID: 0}
    - target: {fileID: 4327411407141173604, guid: d01155fd06cb52643b84507b6615829c,
        type: 3}
      propertyPath: m_LocalEulerAnglesHint.z
      value: 0
      objectReference: {fileID: 0}
    - target: {fileID: 4327411407141173605, guid: d01155fd06cb52643b84507b6615829c,
        type: 3}
      propertyPath: m_Name
      value: wall orange ready (11)
      objectReference: {fileID: 0}
    m_RemovedComponents: []
  m_SourcePrefab: {fileID: 100100000, guid: d01155fd06cb52643b84507b6615829c, type: 3}
--- !u!114 &1484577477866530745 stripped
MonoBehaviour:
  m_CorrespondingSourceObject: {fileID: 1615604443, guid: d01155fd06cb52643b84507b6615829c,
    type: 3}
  m_PrefabInstance: {fileID: 1484577478399462754}
  m_PrefabAsset: {fileID: 0}
  m_GameObject: {fileID: 0}
  m_Enabled: 1
  m_EditorHideFlags: 0
  m_Script: {fileID: 11500000, guid: 84acdbaca5b6447097feb36c07eef96b, type: 3}
  m_Name: 
  m_EditorClassIdentifier: 
--- !u!4 &2924044412425401350 stripped
Transform:
  m_CorrespondingSourceObject: {fileID: 4327411407141173604, guid: d01155fd06cb52643b84507b6615829c,
    type: 3}
  m_PrefabInstance: {fileID: 1484577478399462754}
  m_PrefabAsset: {fileID: 0}
--- !u!1001 &1614756384663548435
PrefabInstance:
  m_ObjectHideFlags: 0
  serializedVersion: 2
  m_Modification:
    m_TransformParent: {fileID: 1984070501502794786}
    m_Modifications:
    - target: {fileID: 1768104889, guid: 6f6bffdfc7779e84b95d369c548520c5, type: 3}
      propertyPath: _connettedWalls.Array.size
      value: 2
      objectReference: {fileID: 0}
    - target: {fileID: 1768104889, guid: 6f6bffdfc7779e84b95d369c548520c5, type: 3}
      propertyPath: _connettedWalls.Array.data[0]
      value: 
      objectReference: {fileID: 7699210764046796610}
    - target: {fileID: 1768104889, guid: 6f6bffdfc7779e84b95d369c548520c5, type: 3}
      propertyPath: _connettedWalls.Array.data[1]
      value: 
      objectReference: {fileID: 4228120156327329333}
    - target: {fileID: 1768104890, guid: 6f6bffdfc7779e84b95d369c548520c5, type: 3}
      propertyPath: m_IsKinematic
      value: 1
      objectReference: {fileID: 0}
    - target: {fileID: 1989370441720744861, guid: 6f6bffdfc7779e84b95d369c548520c5,
        type: 3}
      propertyPath: m_RootOrder
      value: 8
      objectReference: {fileID: 0}
    - target: {fileID: 1989370441720744861, guid: 6f6bffdfc7779e84b95d369c548520c5,
        type: 3}
      propertyPath: m_LocalPosition.x
      value: -2.2321167
      objectReference: {fileID: 0}
    - target: {fileID: 1989370441720744861, guid: 6f6bffdfc7779e84b95d369c548520c5,
        type: 3}
      propertyPath: m_LocalPosition.y
      value: 0.24045563
      objectReference: {fileID: 0}
    - target: {fileID: 1989370441720744861, guid: 6f6bffdfc7779e84b95d369c548520c5,
        type: 3}
      propertyPath: m_LocalPosition.z
      value: -2.2288342
      objectReference: {fileID: 0}
    - target: {fileID: 1989370441720744861, guid: 6f6bffdfc7779e84b95d369c548520c5,
        type: 3}
      propertyPath: m_LocalRotation.w
      value: 1
      objectReference: {fileID: 0}
    - target: {fileID: 1989370441720744861, guid: 6f6bffdfc7779e84b95d369c548520c5,
        type: 3}
      propertyPath: m_LocalRotation.x
      value: -0
      objectReference: {fileID: 0}
    - target: {fileID: 1989370441720744861, guid: 6f6bffdfc7779e84b95d369c548520c5,
        type: 3}
      propertyPath: m_LocalRotation.y
      value: 0
      objectReference: {fileID: 0}
    - target: {fileID: 1989370441720744861, guid: 6f6bffdfc7779e84b95d369c548520c5,
        type: 3}
      propertyPath: m_LocalRotation.z
      value: -0
      objectReference: {fileID: 0}
    - target: {fileID: 1989370441720744861, guid: 6f6bffdfc7779e84b95d369c548520c5,
        type: 3}
      propertyPath: m_LocalEulerAnglesHint.x
      value: 0
      objectReference: {fileID: 0}
    - target: {fileID: 1989370441720744861, guid: 6f6bffdfc7779e84b95d369c548520c5,
        type: 3}
      propertyPath: m_LocalEulerAnglesHint.y
      value: 0
      objectReference: {fileID: 0}
    - target: {fileID: 1989370441720744861, guid: 6f6bffdfc7779e84b95d369c548520c5,
        type: 3}
      propertyPath: m_LocalEulerAnglesHint.z
      value: 0
      objectReference: {fileID: 0}
    - target: {fileID: 1989370441720744862, guid: 6f6bffdfc7779e84b95d369c548520c5,
        type: 3}
      propertyPath: m_Name
      value: collon orange ready (3)
      objectReference: {fileID: 0}
    m_RemovedComponents: []
  m_SourcePrefab: {fileID: 100100000, guid: 6f6bffdfc7779e84b95d369c548520c5, type: 3}
--- !u!4 &1005267538554616206 stripped
Transform:
  m_CorrespondingSourceObject: {fileID: 1989370441720744861, guid: 6f6bffdfc7779e84b95d369c548520c5,
    type: 3}
  m_PrefabInstance: {fileID: 1614756384663548435}
  m_PrefabAsset: {fileID: 0}
--- !u!1001 &2612228105240888997
PrefabInstance:
  m_ObjectHideFlags: 0
  serializedVersion: 2
  m_Modification:
    m_TransformParent: {fileID: 1984070501502794786}
    m_Modifications:
    - target: {fileID: 60996402849437470, guid: c8eabe61501ee634f800feec4ecb1080,
        type: 3}
      propertyPath: m_RootOrder
      value: 26
      objectReference: {fileID: 0}
    - target: {fileID: 60996402849437470, guid: c8eabe61501ee634f800feec4ecb1080,
        type: 3}
      propertyPath: m_LocalPosition.x
      value: 2.2118835
      objectReference: {fileID: 0}
    - target: {fileID: 60996402849437470, guid: c8eabe61501ee634f800feec4ecb1080,
        type: 3}
      propertyPath: m_LocalPosition.y
      value: 2.6399982
      objectReference: {fileID: 0}
    - target: {fileID: 60996402849437470, guid: c8eabe61501ee634f800feec4ecb1080,
        type: 3}
      propertyPath: m_LocalPosition.z
      value: 1.0100002
      objectReference: {fileID: 0}
    - target: {fileID: 60996402849437470, guid: c8eabe61501ee634f800feec4ecb1080,
        type: 3}
      propertyPath: m_LocalRotation.w
      value: 1
      objectReference: {fileID: 0}
    - target: {fileID: 60996402849437470, guid: c8eabe61501ee634f800feec4ecb1080,
        type: 3}
      propertyPath: m_LocalRotation.x
      value: -0
      objectReference: {fileID: 0}
    - target: {fileID: 60996402849437470, guid: c8eabe61501ee634f800feec4ecb1080,
        type: 3}
      propertyPath: m_LocalRotation.y
      value: -0.000047042966
      objectReference: {fileID: 0}
    - target: {fileID: 60996402849437470, guid: c8eabe61501ee634f800feec4ecb1080,
        type: 3}
      propertyPath: m_LocalRotation.z
      value: -0
      objectReference: {fileID: 0}
    - target: {fileID: 60996402849437470, guid: c8eabe61501ee634f800feec4ecb1080,
        type: 3}
      propertyPath: m_LocalEulerAnglesHint.x
      value: 0
      objectReference: {fileID: 0}
    - target: {fileID: 60996402849437470, guid: c8eabe61501ee634f800feec4ecb1080,
        type: 3}
      propertyPath: m_LocalEulerAnglesHint.y
      value: -0.005
      objectReference: {fileID: 0}
    - target: {fileID: 60996402849437470, guid: c8eabe61501ee634f800feec4ecb1080,
        type: 3}
      propertyPath: m_LocalEulerAnglesHint.z
      value: 0
      objectReference: {fileID: 0}
    - target: {fileID: 60996402849437471, guid: c8eabe61501ee634f800feec4ecb1080,
        type: 3}
      propertyPath: m_Name
      value: window orange ready (22)
      objectReference: {fileID: 0}
    m_RemovedComponents: []
  m_SourcePrefab: {fileID: 100100000, guid: c8eabe61501ee634f800feec4ecb1080, type: 3}
--- !u!114 &2612228105143228768 stripped
MonoBehaviour:
  m_CorrespondingSourceObject: {fileID: 175529925, guid: c8eabe61501ee634f800feec4ecb1080,
    type: 3}
  m_PrefabInstance: {fileID: 2612228105240888997}
  m_PrefabAsset: {fileID: 0}
  m_GameObject: {fileID: 0}
  m_Enabled: 1
  m_EditorHideFlags: 0
  m_Script: {fileID: 11500000, guid: 84acdbaca5b6447097feb36c07eef96b, type: 3}
  m_Name: 
  m_EditorClassIdentifier: 
--- !u!4 &2637082400299291067 stripped
Transform:
  m_CorrespondingSourceObject: {fileID: 60996402849437470, guid: c8eabe61501ee634f800feec4ecb1080,
    type: 3}
  m_PrefabInstance: {fileID: 2612228105240888997}
  m_PrefabAsset: {fileID: 0}
--- !u!1001 &2788325811765014726
PrefabInstance:
  m_ObjectHideFlags: 0
  serializedVersion: 2
  m_Modification:
    m_TransformParent: {fileID: 1984070501502794786}
    m_Modifications:
    - target: {fileID: 1768104889, guid: 6f6bffdfc7779e84b95d369c548520c5, type: 3}
      propertyPath: _connettedWalls.Array.size
      value: 2
      objectReference: {fileID: 0}
    - target: {fileID: 1768104889, guid: 6f6bffdfc7779e84b95d369c548520c5, type: 3}
      propertyPath: _connettedWalls.Array.data[0]
      value: 
      objectReference: {fileID: 8901999835987778042}
    - target: {fileID: 1768104889, guid: 6f6bffdfc7779e84b95d369c548520c5, type: 3}
      propertyPath: _connettedWalls.Array.data[1]
      value: 
      objectReference: {fileID: 6947265628346281481}
    - target: {fileID: 1989370441720744861, guid: 6f6bffdfc7779e84b95d369c548520c5,
        type: 3}
      propertyPath: m_RootOrder
      value: 18
      objectReference: {fileID: 0}
    - target: {fileID: 1989370441720744861, guid: 6f6bffdfc7779e84b95d369c548520c5,
        type: 3}
      propertyPath: m_LocalPosition.x
      value: -2.2321167
      objectReference: {fileID: 0}
    - target: {fileID: 1989370441720744861, guid: 6f6bffdfc7779e84b95d369c548520c5,
        type: 3}
      propertyPath: m_LocalPosition.y
      value: 2.6399982
      objectReference: {fileID: 0}
    - target: {fileID: 1989370441720744861, guid: 6f6bffdfc7779e84b95d369c548520c5,
        type: 3}
      propertyPath: m_LocalPosition.z
      value: 2.2600002
      objectReference: {fileID: 0}
    - target: {fileID: 1989370441720744861, guid: 6f6bffdfc7779e84b95d369c548520c5,
        type: 3}
      propertyPath: m_LocalRotation.w
      value: 1
      objectReference: {fileID: 0}
    - target: {fileID: 1989370441720744861, guid: 6f6bffdfc7779e84b95d369c548520c5,
        type: 3}
      propertyPath: m_LocalRotation.x
      value: -0
      objectReference: {fileID: 0}
    - target: {fileID: 1989370441720744861, guid: 6f6bffdfc7779e84b95d369c548520c5,
        type: 3}
      propertyPath: m_LocalRotation.y
      value: 0
      objectReference: {fileID: 0}
    - target: {fileID: 1989370441720744861, guid: 6f6bffdfc7779e84b95d369c548520c5,
        type: 3}
      propertyPath: m_LocalRotation.z
      value: -0
      objectReference: {fileID: 0}
    - target: {fileID: 1989370441720744861, guid: 6f6bffdfc7779e84b95d369c548520c5,
        type: 3}
      propertyPath: m_LocalEulerAnglesHint.x
      value: 0
      objectReference: {fileID: 0}
    - target: {fileID: 1989370441720744861, guid: 6f6bffdfc7779e84b95d369c548520c5,
        type: 3}
      propertyPath: m_LocalEulerAnglesHint.y
      value: 0
      objectReference: {fileID: 0}
    - target: {fileID: 1989370441720744861, guid: 6f6bffdfc7779e84b95d369c548520c5,
        type: 3}
      propertyPath: m_LocalEulerAnglesHint.z
      value: 0
      objectReference: {fileID: 0}
    - target: {fileID: 1989370441720744862, guid: 6f6bffdfc7779e84b95d369c548520c5,
        type: 3}
      propertyPath: m_Name
      value: collon orange ready (18)
      objectReference: {fileID: 0}
    m_RemovedComponents: []
  m_SourcePrefab: {fileID: 100100000, guid: 6f6bffdfc7779e84b95d369c548520c5, type: 3}
--- !u!4 &4407254289913953115 stripped
Transform:
  m_CorrespondingSourceObject: {fileID: 1989370441720744861, guid: 6f6bffdfc7779e84b95d369c548520c5,
    type: 3}
  m_PrefabInstance: {fileID: 2788325811765014726}
  m_PrefabAsset: {fileID: 0}
--- !u!1001 &2904923920292587722
PrefabInstance:
  m_ObjectHideFlags: 0
  serializedVersion: 2
  m_Modification:
    m_TransformParent: {fileID: 1984070501502794786}
    m_Modifications:
    - target: {fileID: 1768104889, guid: 6f6bffdfc7779e84b95d369c548520c5, type: 3}
      propertyPath: _connettedWalls.Array.size
      value: 2
      objectReference: {fileID: 0}
    - target: {fileID: 1768104889, guid: 6f6bffdfc7779e84b95d369c548520c5, type: 3}
      propertyPath: _connettedWalls.Array.data[0]
      value: 
      objectReference: {fileID: 5440707331743114581}
    - target: {fileID: 1768104889, guid: 6f6bffdfc7779e84b95d369c548520c5, type: 3}
      propertyPath: _connettedWalls.Array.data[1]
      value: 
      objectReference: {fileID: 9071696770105055863}
    - target: {fileID: 1989370441720744861, guid: 6f6bffdfc7779e84b95d369c548520c5,
        type: 3}
      propertyPath: m_RootOrder
      value: 24
      objectReference: {fileID: 0}
    - target: {fileID: 1989370441720744861, guid: 6f6bffdfc7779e84b95d369c548520c5,
        type: 3}
      propertyPath: m_LocalPosition.x
      value: 2.216919
      objectReference: {fileID: 0}
    - target: {fileID: 1989370441720744861, guid: 6f6bffdfc7779e84b95d369c548520c5,
        type: 3}
      propertyPath: m_LocalPosition.y
      value: 2.6399982
      objectReference: {fileID: 0}
    - target: {fileID: 1989370441720744861, guid: 6f6bffdfc7779e84b95d369c548520c5,
        type: 3}
      propertyPath: m_LocalPosition.z
      value: -2.2288342
      objectReference: {fileID: 0}
    - target: {fileID: 1989370441720744861, guid: 6f6bffdfc7779e84b95d369c548520c5,
        type: 3}
      propertyPath: m_LocalRotation.w
      value: 1
      objectReference: {fileID: 0}
    - target: {fileID: 1989370441720744861, guid: 6f6bffdfc7779e84b95d369c548520c5,
        type: 3}
      propertyPath: m_LocalRotation.x
      value: -0
      objectReference: {fileID: 0}
    - target: {fileID: 1989370441720744861, guid: 6f6bffdfc7779e84b95d369c548520c5,
        type: 3}
      propertyPath: m_LocalRotation.y
      value: 0
      objectReference: {fileID: 0}
    - target: {fileID: 1989370441720744861, guid: 6f6bffdfc7779e84b95d369c548520c5,
        type: 3}
      propertyPath: m_LocalRotation.z
      value: -0
      objectReference: {fileID: 0}
    - target: {fileID: 1989370441720744861, guid: 6f6bffdfc7779e84b95d369c548520c5,
        type: 3}
      propertyPath: m_LocalEulerAnglesHint.x
      value: 0
      objectReference: {fileID: 0}
    - target: {fileID: 1989370441720744861, guid: 6f6bffdfc7779e84b95d369c548520c5,
        type: 3}
      propertyPath: m_LocalEulerAnglesHint.y
      value: 0
      objectReference: {fileID: 0}
    - target: {fileID: 1989370441720744861, guid: 6f6bffdfc7779e84b95d369c548520c5,
        type: 3}
      propertyPath: m_LocalEulerAnglesHint.z
      value: 0
      objectReference: {fileID: 0}
    - target: {fileID: 1989370441720744862, guid: 6f6bffdfc7779e84b95d369c548520c5,
        type: 3}
      propertyPath: m_Name
      value: collon orange ready (16)
      objectReference: {fileID: 0}
    m_RemovedComponents: []
  m_SourcePrefab: {fileID: 100100000, guid: 6f6bffdfc7779e84b95d369c548520c5, type: 3}
--- !u!4 &3732346140746474327 stripped
Transform:
  m_CorrespondingSourceObject: {fileID: 1989370441720744861, guid: 6f6bffdfc7779e84b95d369c548520c5,
    type: 3}
  m_PrefabInstance: {fileID: 2904923920292587722}
  m_PrefabAsset: {fileID: 0}
--- !u!1001 &3907892612082895568
PrefabInstance:
  m_ObjectHideFlags: 0
  serializedVersion: 2
  m_Modification:
    m_TransformParent: {fileID: 1984070501502794786}
    m_Modifications:
    - target: {fileID: 1615604444, guid: d01155fd06cb52643b84507b6615829c, type: 3}
      propertyPath: m_IsKinematic
      value: 1
      objectReference: {fileID: 0}
    - target: {fileID: 4327411407141173604, guid: d01155fd06cb52643b84507b6615829c,
        type: 3}
      propertyPath: m_RootOrder
      value: 9
      objectReference: {fileID: 0}
    - target: {fileID: 4327411407141173604, guid: d01155fd06cb52643b84507b6615829c,
        type: 3}
      propertyPath: m_LocalPosition.x
      value: -2.2311707
      objectReference: {fileID: 0}
    - target: {fileID: 4327411407141173604, guid: d01155fd06cb52643b84507b6615829c,
        type: 3}
      propertyPath: m_LocalPosition.y
      value: 0.24045563
      objectReference: {fileID: 0}
    - target: {fileID: 4327411407141173604, guid: d01155fd06cb52643b84507b6615829c,
        type: 3}
      propertyPath: m_LocalPosition.z
      value: 1.0200005
      objectReference: {fileID: 0}
    - target: {fileID: 4327411407141173604, guid: d01155fd06cb52643b84507b6615829c,
        type: 3}
      propertyPath: m_LocalRotation.w
      value: 1
      objectReference: {fileID: 0}
    - target: {fileID: 4327411407141173604, guid: d01155fd06cb52643b84507b6615829c,
        type: 3}
      propertyPath: m_LocalRotation.x
      value: -0
      objectReference: {fileID: 0}
    - target: {fileID: 4327411407141173604, guid: d01155fd06cb52643b84507b6615829c,
        type: 3}
      propertyPath: m_LocalRotation.y
      value: 0
      objectReference: {fileID: 0}
    - target: {fileID: 4327411407141173604, guid: d01155fd06cb52643b84507b6615829c,
        type: 3}
      propertyPath: m_LocalRotation.z
      value: -0
      objectReference: {fileID: 0}
    - target: {fileID: 4327411407141173604, guid: d01155fd06cb52643b84507b6615829c,
        type: 3}
      propertyPath: m_LocalEulerAnglesHint.x
      value: 0
      objectReference: {fileID: 0}
    - target: {fileID: 4327411407141173604, guid: d01155fd06cb52643b84507b6615829c,
        type: 3}
      propertyPath: m_LocalEulerAnglesHint.y
      value: 0
      objectReference: {fileID: 0}
    - target: {fileID: 4327411407141173604, guid: d01155fd06cb52643b84507b6615829c,
        type: 3}
      propertyPath: m_LocalEulerAnglesHint.z
      value: 0
      objectReference: {fileID: 0}
    - target: {fileID: 4327411407141173605, guid: d01155fd06cb52643b84507b6615829c,
        type: 3}
      propertyPath: m_Name
      value: wall orange ready (1)
      objectReference: {fileID: 0}
    m_RemovedComponents: []
  m_SourcePrefab: {fileID: 100100000, guid: d01155fd06cb52643b84507b6615829c, type: 3}
--- !u!4 &735654777933558708 stripped
Transform:
  m_CorrespondingSourceObject: {fileID: 4327411407141173604, guid: d01155fd06cb52643b84507b6615829c,
    type: 3}
  m_PrefabInstance: {fileID: 3907892612082895568}
  m_PrefabAsset: {fileID: 0}
--- !u!114 &3907892612624752651 stripped
MonoBehaviour:
  m_CorrespondingSourceObject: {fileID: 1615604443, guid: d01155fd06cb52643b84507b6615829c,
    type: 3}
  m_PrefabInstance: {fileID: 3907892612082895568}
  m_PrefabAsset: {fileID: 0}
  m_GameObject: {fileID: 0}
  m_Enabled: 1
  m_EditorHideFlags: 0
  m_Script: {fileID: 11500000, guid: 84acdbaca5b6447097feb36c07eef96b, type: 3}
  m_Name: 
  m_EditorClassIdentifier: 
--- !u!1001 &4006482489637188204
PrefabInstance:
  m_ObjectHideFlags: 0
  serializedVersion: 2
  m_Modification:
    m_TransformParent: {fileID: 1984070501502794786}
    m_Modifications:
    - target: {fileID: 175529926, guid: c8eabe61501ee634f800feec4ecb1080, type: 3}
      propertyPath: m_IsKinematic
      value: 1
      objectReference: {fileID: 0}
    - target: {fileID: 60996402849437470, guid: c8eabe61501ee634f800feec4ecb1080,
        type: 3}
      propertyPath: m_RootOrder
      value: 6
      objectReference: {fileID: 0}
    - target: {fileID: 60996402849437470, guid: c8eabe61501ee634f800feec4ecb1080,
        type: 3}
      propertyPath: m_LocalPosition.x
      value: 0.9888611
      objectReference: {fileID: 0}
    - target: {fileID: 60996402849437470, guid: c8eabe61501ee634f800feec4ecb1080,
        type: 3}
      propertyPath: m_LocalPosition.y
      value: 0.24045563
      objectReference: {fileID: 0}
    - target: {fileID: 60996402849437470, guid: c8eabe61501ee634f800feec4ecb1080,
        type: 3}
      propertyPath: m_LocalPosition.z
      value: 2.2600002
      objectReference: {fileID: 0}
    - target: {fileID: 60996402849437470, guid: c8eabe61501ee634f800feec4ecb1080,
        type: 3}
      propertyPath: m_LocalRotation.w
      value: -0.7070251
      objectReference: {fileID: 0}
    - target: {fileID: 60996402849437470, guid: c8eabe61501ee634f800feec4ecb1080,
        type: 3}
      propertyPath: m_LocalRotation.x
      value: -0
      objectReference: {fileID: 0}
    - target: {fileID: 60996402849437470, guid: c8eabe61501ee634f800feec4ecb1080,
        type: 3}
      propertyPath: m_LocalRotation.y
      value: 0.7071884
      objectReference: {fileID: 0}
    - target: {fileID: 60996402849437470, guid: c8eabe61501ee634f800feec4ecb1080,
        type: 3}
      propertyPath: m_LocalRotation.z
      value: -0
      objectReference: {fileID: 0}
    - target: {fileID: 60996402849437470, guid: c8eabe61501ee634f800feec4ecb1080,
        type: 3}
      propertyPath: m_LocalEulerAnglesHint.x
      value: 0
      objectReference: {fileID: 0}
    - target: {fileID: 60996402849437470, guid: c8eabe61501ee634f800feec4ecb1080,
        type: 3}
      propertyPath: m_LocalEulerAnglesHint.y
      value: 269.987
      objectReference: {fileID: 0}
    - target: {fileID: 60996402849437470, guid: c8eabe61501ee634f800feec4ecb1080,
        type: 3}
      propertyPath: m_LocalEulerAnglesHint.z
      value: 0
      objectReference: {fileID: 0}
    - target: {fileID: 60996402849437471, guid: c8eabe61501ee634f800feec4ecb1080,
        type: 3}
      propertyPath: m_Name
      value: window orange ready (3)
      objectReference: {fileID: 0}
    m_RemovedComponents: []
  m_SourcePrefab: {fileID: 100100000, guid: c8eabe61501ee634f800feec4ecb1080, type: 3}
--- !u!4 &3981553153183016306 stripped
Transform:
  m_CorrespondingSourceObject: {fileID: 60996402849437470, guid: c8eabe61501ee634f800feec4ecb1080,
    type: 3}
  m_PrefabInstance: {fileID: 4006482489637188204}
  m_PrefabAsset: {fileID: 0}
--- !u!114 &4006482489539554729 stripped
MonoBehaviour:
  m_CorrespondingSourceObject: {fileID: 175529925, guid: c8eabe61501ee634f800feec4ecb1080,
    type: 3}
  m_PrefabInstance: {fileID: 4006482489637188204}
  m_PrefabAsset: {fileID: 0}
  m_GameObject: {fileID: 0}
  m_Enabled: 1
  m_EditorHideFlags: 0
  m_Script: {fileID: 11500000, guid: 84acdbaca5b6447097feb36c07eef96b, type: 3}
  m_Name: 
  m_EditorClassIdentifier: 
--- !u!1001 &4228120154720113902
PrefabInstance:
  m_ObjectHideFlags: 0
  serializedVersion: 2
  m_Modification:
    m_TransformParent: {fileID: 1984070501502794786}
    m_Modifications:
    - target: {fileID: 1615604444, guid: d01155fd06cb52643b84507b6615829c, type: 3}
      propertyPath: m_IsKinematic
      value: 1
      objectReference: {fileID: 0}
    - target: {fileID: 4327411407141173604, guid: d01155fd06cb52643b84507b6615829c,
        type: 3}
      propertyPath: m_RootOrder
      value: 11
      objectReference: {fileID: 0}
    - target: {fileID: 4327411407141173604, guid: d01155fd06cb52643b84507b6615829c,
        type: 3}
      propertyPath: m_LocalPosition.x
      value: -2.2311707
      objectReference: {fileID: 0}
    - target: {fileID: 4327411407141173604, guid: d01155fd06cb52643b84507b6615829c,
        type: 3}
      propertyPath: m_LocalPosition.y
      value: 0.24045563
      objectReference: {fileID: 0}
    - target: {fileID: 4327411407141173604, guid: d01155fd06cb52643b84507b6615829c,
        type: 3}
      propertyPath: m_LocalPosition.z
      value: -0.97999954
      objectReference: {fileID: 0}
    - target: {fileID: 4327411407141173604, guid: d01155fd06cb52643b84507b6615829c,
        type: 3}
      propertyPath: m_LocalRotation.w
      value: 1
      objectReference: {fileID: 0}
    - target: {fileID: 4327411407141173604, guid: d01155fd06cb52643b84507b6615829c,
        type: 3}
      propertyPath: m_LocalRotation.x
      value: -0
      objectReference: {fileID: 0}
    - target: {fileID: 4327411407141173604, guid: d01155fd06cb52643b84507b6615829c,
        type: 3}
      propertyPath: m_LocalRotation.y
      value: 0
      objectReference: {fileID: 0}
    - target: {fileID: 4327411407141173604, guid: d01155fd06cb52643b84507b6615829c,
        type: 3}
      propertyPath: m_LocalRotation.z
      value: -0
      objectReference: {fileID: 0}
    - target: {fileID: 4327411407141173604, guid: d01155fd06cb52643b84507b6615829c,
        type: 3}
      propertyPath: m_LocalEulerAnglesHint.x
      value: 0
      objectReference: {fileID: 0}
    - target: {fileID: 4327411407141173604, guid: d01155fd06cb52643b84507b6615829c,
        type: 3}
      propertyPath: m_LocalEulerAnglesHint.y
      value: 0
      objectReference: {fileID: 0}
    - target: {fileID: 4327411407141173604, guid: d01155fd06cb52643b84507b6615829c,
        type: 3}
      propertyPath: m_LocalEulerAnglesHint.z
      value: 0
      objectReference: {fileID: 0}
    - target: {fileID: 4327411407141173605, guid: d01155fd06cb52643b84507b6615829c,
        type: 3}
      propertyPath: m_Name
      value: wall orange ready (2)
      objectReference: {fileID: 0}
    m_RemovedComponents: []
  m_SourcePrefab: {fileID: 100100000, guid: d01155fd06cb52643b84507b6615829c, type: 3}
--- !u!4 &478297858863033738 stripped
Transform:
  m_CorrespondingSourceObject: {fileID: 4327411407141173604, guid: d01155fd06cb52643b84507b6615829c,
    type: 3}
  m_PrefabInstance: {fileID: 4228120154720113902}
  m_PrefabAsset: {fileID: 0}
--- !u!114 &4228120156327329333 stripped
MonoBehaviour:
  m_CorrespondingSourceObject: {fileID: 1615604443, guid: d01155fd06cb52643b84507b6615829c,
    type: 3}
  m_PrefabInstance: {fileID: 4228120154720113902}
  m_PrefabAsset: {fileID: 0}
  m_GameObject: {fileID: 0}
  m_Enabled: 1
  m_EditorHideFlags: 0
  m_Script: {fileID: 11500000, guid: 84acdbaca5b6447097feb36c07eef96b, type: 3}
  m_Name: 
  m_EditorClassIdentifier: 
--- !u!1001 &4330158170240418922
PrefabInstance:
  m_ObjectHideFlags: 0
  serializedVersion: 2
  m_Modification:
    m_TransformParent: {fileID: 1984070501502794786}
    m_Modifications:
    - target: {fileID: 60996402849437470, guid: c8eabe61501ee634f800feec4ecb1080,
        type: 3}
      propertyPath: m_RootOrder
      value: 21
      objectReference: {fileID: 0}
    - target: {fileID: 60996402849437470, guid: c8eabe61501ee634f800feec4ecb1080,
        type: 3}
      propertyPath: m_LocalPosition.x
      value: -1.0101318
      objectReference: {fileID: 0}
    - target: {fileID: 60996402849437470, guid: c8eabe61501ee634f800feec4ecb1080,
        type: 3}
      propertyPath: m_LocalPosition.y
      value: 2.6399982
      objectReference: {fileID: 0}
    - target: {fileID: 60996402849437470, guid: c8eabe61501ee634f800feec4ecb1080,
        type: 3}
      propertyPath: m_LocalPosition.z
      value: -2.2700005
      objectReference: {fileID: 0}
    - target: {fileID: 60996402849437470, guid: c8eabe61501ee634f800feec4ecb1080,
        type: 3}
      propertyPath: m_LocalRotation.w
      value: 0.7071569
      objectReference: {fileID: 0}
    - target: {fileID: 60996402849437470, guid: c8eabe61501ee634f800feec4ecb1080,
        type: 3}
      propertyPath: m_LocalRotation.x
      value: -0
      objectReference: {fileID: 0}
    - target: {fileID: 60996402849437470, guid: c8eabe61501ee634f800feec4ecb1080,
        type: 3}
      propertyPath: m_LocalRotation.y
      value: 0.70705664
      objectReference: {fileID: 0}
    - target: {fileID: 60996402849437470, guid: c8eabe61501ee634f800feec4ecb1080,
        type: 3}
      propertyPath: m_LocalRotation.z
      value: -0
      objectReference: {fileID: 0}
    - target: {fileID: 60996402849437470, guid: c8eabe61501ee634f800feec4ecb1080,
        type: 3}
      propertyPath: m_LocalEulerAnglesHint.x
      value: 0
      objectReference: {fileID: 0}
    - target: {fileID: 60996402849437470, guid: c8eabe61501ee634f800feec4ecb1080,
        type: 3}
      propertyPath: m_LocalEulerAnglesHint.y
      value: 89.992
      objectReference: {fileID: 0}
    - target: {fileID: 60996402849437470, guid: c8eabe61501ee634f800feec4ecb1080,
        type: 3}
      propertyPath: m_LocalEulerAnglesHint.z
      value: 0
      objectReference: {fileID: 0}
    - target: {fileID: 60996402849437471, guid: c8eabe61501ee634f800feec4ecb1080,
        type: 3}
      propertyPath: m_Name
      value: window orange ready (25)
      objectReference: {fileID: 0}
    m_RemovedComponents: []
  m_SourcePrefab: {fileID: 100100000, guid: c8eabe61501ee634f800feec4ecb1080, type: 3}
--- !u!114 &4330158170335468463 stripped
MonoBehaviour:
  m_CorrespondingSourceObject: {fileID: 175529925, guid: c8eabe61501ee634f800feec4ecb1080,
    type: 3}
  m_PrefabInstance: {fileID: 4330158170240418922}
  m_PrefabAsset: {fileID: 0}
  m_GameObject: {fileID: 0}
  m_Enabled: 1
  m_EditorHideFlags: 0
  m_Script: {fileID: 11500000, guid: 84acdbaca5b6447097feb36c07eef96b, type: 3}
  m_Name: 
  m_EditorClassIdentifier: 
--- !u!4 &4381857363536466804 stripped
Transform:
  m_CorrespondingSourceObject: {fileID: 60996402849437470, guid: c8eabe61501ee634f800feec4ecb1080,
    type: 3}
  m_PrefabInstance: {fileID: 4330158170240418922}
  m_PrefabAsset: {fileID: 0}
--- !u!1001 &4715010738705378592
PrefabInstance:
  m_ObjectHideFlags: 0
  serializedVersion: 2
  m_Modification:
    m_TransformParent: {fileID: 1984070501502794786}
    m_Modifications:
    - target: {fileID: 8199087546236947165, guid: 471af3af4f5c8ce469732e57b1f7e46e,
        type: 3}
      propertyPath: m_Name
      value: platform 2x2 ready (8)
      objectReference: {fileID: 0}
    - target: {fileID: 8199087546236947166, guid: 471af3af4f5c8ce469732e57b1f7e46e,
        type: 3}
      propertyPath: m_RootOrder
      value: 14
      objectReference: {fileID: 0}
    - target: {fileID: 8199087546236947166, guid: 471af3af4f5c8ce469732e57b1f7e46e,
        type: 3}
      propertyPath: m_LocalPosition.x
      value: 0
      objectReference: {fileID: 0}
    - target: {fileID: 8199087546236947166, guid: 471af3af4f5c8ce469732e57b1f7e46e,
        type: 3}
      propertyPath: m_LocalPosition.y
      value: 4.589545
      objectReference: {fileID: 0}
    - target: {fileID: 8199087546236947166, guid: 471af3af4f5c8ce469732e57b1f7e46e,
        type: 3}
      propertyPath: m_LocalPosition.z
      value: 0
      objectReference: {fileID: 0}
    - target: {fileID: 8199087546236947166, guid: 471af3af4f5c8ce469732e57b1f7e46e,
        type: 3}
      propertyPath: m_LocalRotation.w
      value: 1
      objectReference: {fileID: 0}
    - target: {fileID: 8199087546236947166, guid: 471af3af4f5c8ce469732e57b1f7e46e,
        type: 3}
      propertyPath: m_LocalRotation.x
      value: -0
      objectReference: {fileID: 0}
    - target: {fileID: 8199087546236947166, guid: 471af3af4f5c8ce469732e57b1f7e46e,
        type: 3}
      propertyPath: m_LocalRotation.y
      value: 0
      objectReference: {fileID: 0}
    - target: {fileID: 8199087546236947166, guid: 471af3af4f5c8ce469732e57b1f7e46e,
        type: 3}
      propertyPath: m_LocalRotation.z
      value: -0
      objectReference: {fileID: 0}
    - target: {fileID: 8199087546236947166, guid: 471af3af4f5c8ce469732e57b1f7e46e,
        type: 3}
      propertyPath: m_LocalEulerAnglesHint.x
      value: 0
      objectReference: {fileID: 0}
    - target: {fileID: 8199087546236947166, guid: 471af3af4f5c8ce469732e57b1f7e46e,
        type: 3}
      propertyPath: m_LocalEulerAnglesHint.y
      value: 0
      objectReference: {fileID: 0}
    - target: {fileID: 8199087546236947166, guid: 471af3af4f5c8ce469732e57b1f7e46e,
        type: 3}
      propertyPath: m_LocalEulerAnglesHint.z
      value: 0
      objectReference: {fileID: 0}
    m_RemovedComponents: []
  m_SourcePrefab: {fileID: 100100000, guid: 471af3af4f5c8ce469732e57b1f7e46e, type: 3}
--- !u!4 &3505515644674631678 stripped
Transform:
  m_CorrespondingSourceObject: {fileID: 8199087546236947166, guid: 471af3af4f5c8ce469732e57b1f7e46e,
    type: 3}
  m_PrefabInstance: {fileID: 4715010738705378592}
  m_PrefabAsset: {fileID: 0}
--- !u!1001 &5313144967721138658
PrefabInstance:
  m_ObjectHideFlags: 0
  serializedVersion: 2
  m_Modification:
    m_TransformParent: {fileID: 1984070501502794786}
    m_Modifications:
    - target: {fileID: 175529926, guid: c8eabe61501ee634f800feec4ecb1080, type: 3}
      propertyPath: m_IsKinematic
      value: 1
      objectReference: {fileID: 0}
    - target: {fileID: 60996402849437470, guid: c8eabe61501ee634f800feec4ecb1080,
        type: 3}
      propertyPath: m_RootOrder
      value: 27
      objectReference: {fileID: 0}
    - target: {fileID: 60996402849437470, guid: c8eabe61501ee634f800feec4ecb1080,
        type: 3}
      propertyPath: m_LocalPosition.x
      value: 2.2118835
      objectReference: {fileID: 0}
    - target: {fileID: 60996402849437470, guid: c8eabe61501ee634f800feec4ecb1080,
        type: 3}
      propertyPath: m_LocalPosition.y
      value: 0.22000122
      objectReference: {fileID: 0}
    - target: {fileID: 60996402849437470, guid: c8eabe61501ee634f800feec4ecb1080,
        type: 3}
      propertyPath: m_LocalPosition.z
      value: 1.0100002
      objectReference: {fileID: 0}
    - target: {fileID: 60996402849437470, guid: c8eabe61501ee634f800feec4ecb1080,
        type: 3}
      propertyPath: m_LocalRotation.w
      value: 1
      objectReference: {fileID: 0}
    - target: {fileID: 60996402849437470, guid: c8eabe61501ee634f800feec4ecb1080,
        type: 3}
      propertyPath: m_LocalRotation.x
      value: -0
      objectReference: {fileID: 0}
    - target: {fileID: 60996402849437470, guid: c8eabe61501ee634f800feec4ecb1080,
        type: 3}
      propertyPath: m_LocalRotation.y
      value: -0.000047042966
      objectReference: {fileID: 0}
    - target: {fileID: 60996402849437470, guid: c8eabe61501ee634f800feec4ecb1080,
        type: 3}
      propertyPath: m_LocalRotation.z
      value: -0
      objectReference: {fileID: 0}
    - target: {fileID: 60996402849437470, guid: c8eabe61501ee634f800feec4ecb1080,
        type: 3}
      propertyPath: m_LocalEulerAnglesHint.x
      value: 0
      objectReference: {fileID: 0}
    - target: {fileID: 60996402849437470, guid: c8eabe61501ee634f800feec4ecb1080,
        type: 3}
      propertyPath: m_LocalEulerAnglesHint.y
      value: -0.005
      objectReference: {fileID: 0}
    - target: {fileID: 60996402849437470, guid: c8eabe61501ee634f800feec4ecb1080,
        type: 3}
      propertyPath: m_LocalEulerAnglesHint.z
      value: 0
      objectReference: {fileID: 0}
    - target: {fileID: 60996402849437471, guid: c8eabe61501ee634f800feec4ecb1080,
        type: 3}
      propertyPath: m_Name
      value: window orange ready (28)
      objectReference: {fileID: 0}
    m_RemovedComponents: []
  m_SourcePrefab: {fileID: 100100000, guid: c8eabe61501ee634f800feec4ecb1080, type: 3}
--- !u!4 &5288535296555020028 stripped
Transform:
  m_CorrespondingSourceObject: {fileID: 60996402849437470, guid: c8eabe61501ee634f800feec4ecb1080,
    type: 3}
  m_PrefabInstance: {fileID: 5313144967721138658}
  m_PrefabAsset: {fileID: 0}
--- !u!114 &5313144967623501351 stripped
MonoBehaviour:
  m_CorrespondingSourceObject: {fileID: 175529925, guid: c8eabe61501ee634f800feec4ecb1080,
    type: 3}
  m_PrefabInstance: {fileID: 5313144967721138658}
  m_PrefabAsset: {fileID: 0}
  m_GameObject: {fileID: 0}
  m_Enabled: 1
  m_EditorHideFlags: 0
  m_Script: {fileID: 11500000, guid: 84acdbaca5b6447097feb36c07eef96b, type: 3}
  m_Name: 
  m_EditorClassIdentifier: 
--- !u!1001 &5440707331570481808
PrefabInstance:
  m_ObjectHideFlags: 0
  serializedVersion: 2
  m_Modification:
    m_TransformParent: {fileID: 1984070501502794786}
    m_Modifications:
    - target: {fileID: 60996402849437470, guid: c8eabe61501ee634f800feec4ecb1080,
        type: 3}
      propertyPath: m_RootOrder
      value: 22
      objectReference: {fileID: 0}
    - target: {fileID: 60996402849437470, guid: c8eabe61501ee634f800feec4ecb1080,
        type: 3}
      propertyPath: m_LocalPosition.x
      value: 0.9888611
      objectReference: {fileID: 0}
    - target: {fileID: 60996402849437470, guid: c8eabe61501ee634f800feec4ecb1080,
        type: 3}
      propertyPath: m_LocalPosition.y
      value: 2.6399982
      objectReference: {fileID: 0}
    - target: {fileID: 60996402849437470, guid: c8eabe61501ee634f800feec4ecb1080,
        type: 3}
      propertyPath: m_LocalPosition.z
      value: -2.2700005
      objectReference: {fileID: 0}
    - target: {fileID: 60996402849437470, guid: c8eabe61501ee634f800feec4ecb1080,
        type: 3}
      propertyPath: m_LocalRotation.w
      value: 0.7071569
      objectReference: {fileID: 0}
    - target: {fileID: 60996402849437470, guid: c8eabe61501ee634f800feec4ecb1080,
        type: 3}
      propertyPath: m_LocalRotation.x
      value: -0
      objectReference: {fileID: 0}
    - target: {fileID: 60996402849437470, guid: c8eabe61501ee634f800feec4ecb1080,
        type: 3}
      propertyPath: m_LocalRotation.y
      value: 0.70705664
      objectReference: {fileID: 0}
    - target: {fileID: 60996402849437470, guid: c8eabe61501ee634f800feec4ecb1080,
        type: 3}
      propertyPath: m_LocalRotation.z
      value: -0
      objectReference: {fileID: 0}
    - target: {fileID: 60996402849437470, guid: c8eabe61501ee634f800feec4ecb1080,
        type: 3}
      propertyPath: m_LocalEulerAnglesHint.x
      value: 0
      objectReference: {fileID: 0}
    - target: {fileID: 60996402849437470, guid: c8eabe61501ee634f800feec4ecb1080,
        type: 3}
      propertyPath: m_LocalEulerAnglesHint.y
      value: 89.992
      objectReference: {fileID: 0}
    - target: {fileID: 60996402849437470, guid: c8eabe61501ee634f800feec4ecb1080,
        type: 3}
      propertyPath: m_LocalEulerAnglesHint.z
      value: 0
      objectReference: {fileID: 0}
    - target: {fileID: 60996402849437471, guid: c8eabe61501ee634f800feec4ecb1080,
        type: 3}
      propertyPath: m_Name
      value: window orange ready (24)
      objectReference: {fileID: 0}
    m_RemovedComponents: []
  m_SourcePrefab: {fileID: 100100000, guid: c8eabe61501ee634f800feec4ecb1080, type: 3}
--- !u!4 &5429640868845186446 stripped
Transform:
  m_CorrespondingSourceObject: {fileID: 60996402849437470, guid: c8eabe61501ee634f800feec4ecb1080,
    type: 3}
  m_PrefabInstance: {fileID: 5440707331570481808}
  m_PrefabAsset: {fileID: 0}
--- !u!114 &5440707331743114581 stripped
MonoBehaviour:
  m_CorrespondingSourceObject: {fileID: 175529925, guid: c8eabe61501ee634f800feec4ecb1080,
    type: 3}
  m_PrefabInstance: {fileID: 5440707331570481808}
  m_PrefabAsset: {fileID: 0}
  m_GameObject: {fileID: 0}
  m_Enabled: 1
  m_EditorHideFlags: 0
  m_Script: {fileID: 11500000, guid: 84acdbaca5b6447097feb36c07eef96b, type: 3}
  m_Name: 
  m_EditorClassIdentifier: 
--- !u!1001 &5899928103443072639
PrefabInstance:
  m_ObjectHideFlags: 0
  serializedVersion: 2
  m_Modification:
    m_TransformParent: {fileID: 1984070501502794786}
    m_Modifications:
    - target: {fileID: 60996402849437470, guid: c8eabe61501ee634f800feec4ecb1080,
        type: 3}
      propertyPath: m_RootOrder
      value: 19
      objectReference: {fileID: 0}
    - target: {fileID: 60996402849437470, guid: c8eabe61501ee634f800feec4ecb1080,
        type: 3}
      propertyPath: m_LocalPosition.x
      value: 0.9888611
      objectReference: {fileID: 0}
    - target: {fileID: 60996402849437470, guid: c8eabe61501ee634f800feec4ecb1080,
        type: 3}
      propertyPath: m_LocalPosition.y
      value: 2.6399982
      objectReference: {fileID: 0}
    - target: {fileID: 60996402849437470, guid: c8eabe61501ee634f800feec4ecb1080,
        type: 3}
      propertyPath: m_LocalPosition.z
      value: 2.2600002
      objectReference: {fileID: 0}
    - target: {fileID: 60996402849437470, guid: c8eabe61501ee634f800feec4ecb1080,
        type: 3}
      propertyPath: m_LocalRotation.w
      value: -0.7070251
      objectReference: {fileID: 0}
    - target: {fileID: 60996402849437470, guid: c8eabe61501ee634f800feec4ecb1080,
        type: 3}
      propertyPath: m_LocalRotation.x
      value: -0
      objectReference: {fileID: 0}
    - target: {fileID: 60996402849437470, guid: c8eabe61501ee634f800feec4ecb1080,
        type: 3}
      propertyPath: m_LocalRotation.y
      value: 0.7071884
      objectReference: {fileID: 0}
    - target: {fileID: 60996402849437470, guid: c8eabe61501ee634f800feec4ecb1080,
        type: 3}
      propertyPath: m_LocalRotation.z
      value: -0
      objectReference: {fileID: 0}
    - target: {fileID: 60996402849437470, guid: c8eabe61501ee634f800feec4ecb1080,
        type: 3}
      propertyPath: m_LocalEulerAnglesHint.x
      value: 0
      objectReference: {fileID: 0}
    - target: {fileID: 60996402849437470, guid: c8eabe61501ee634f800feec4ecb1080,
        type: 3}
      propertyPath: m_LocalEulerAnglesHint.y
      value: 269.987
      objectReference: {fileID: 0}
    - target: {fileID: 60996402849437470, guid: c8eabe61501ee634f800feec4ecb1080,
        type: 3}
      propertyPath: m_LocalEulerAnglesHint.z
      value: 0
      objectReference: {fileID: 0}
    - target: {fileID: 60996402849437471, guid: c8eabe61501ee634f800feec4ecb1080,
        type: 3}
      propertyPath: m_Name
      value: window orange ready (27)
      objectReference: {fileID: 0}
    m_RemovedComponents: []
  m_SourcePrefab: {fileID: 100100000, guid: c8eabe61501ee634f800feec4ecb1080, type: 3}
--- !u!4 &5852553877923778913 stripped
Transform:
  m_CorrespondingSourceObject: {fileID: 60996402849437470, guid: c8eabe61501ee634f800feec4ecb1080,
    type: 3}
  m_PrefabInstance: {fileID: 5899928103443072639}
  m_PrefabAsset: {fileID: 0}
--- !u!114 &5899928103549393338 stripped
MonoBehaviour:
  m_CorrespondingSourceObject: {fileID: 175529925, guid: c8eabe61501ee634f800feec4ecb1080,
    type: 3}
  m_PrefabInstance: {fileID: 5899928103443072639}
  m_PrefabAsset: {fileID: 0}
  m_GameObject: {fileID: 0}
  m_Enabled: 1
  m_EditorHideFlags: 0
  m_Script: {fileID: 11500000, guid: 84acdbaca5b6447097feb36c07eef96b, type: 3}
  m_Name: 
  m_EditorClassIdentifier: 
--- !u!1001 &6610711970104079548
PrefabInstance:
  m_ObjectHideFlags: 0
  serializedVersion: 2
  m_Modification:
    m_TransformParent: {fileID: 1984070501502794786}
    m_Modifications:
    - target: {fileID: 8199087546236947165, guid: 471af3af4f5c8ce469732e57b1f7e46e,
        type: 3}
      propertyPath: m_Name
      value: platform 2x2 ready (6)
      objectReference: {fileID: 0}
    - target: {fileID: 8199087546236947166, guid: 471af3af4f5c8ce469732e57b1f7e46e,
        type: 3}
      propertyPath: m_RootOrder
      value: 13
      objectReference: {fileID: 0}
    - target: {fileID: 8199087546236947166, guid: 471af3af4f5c8ce469732e57b1f7e46e,
        type: 3}
      propertyPath: m_LocalPosition.x
      value: 0
      objectReference: {fileID: 0}
    - target: {fileID: 8199087546236947166, guid: 471af3af4f5c8ce469732e57b1f7e46e,
        type: 3}
      propertyPath: m_LocalPosition.y
      value: 2.4499996
      objectReference: {fileID: 0}
    - target: {fileID: 8199087546236947166, guid: 471af3af4f5c8ce469732e57b1f7e46e,
        type: 3}
      propertyPath: m_LocalPosition.z
      value: 0
      objectReference: {fileID: 0}
    - target: {fileID: 8199087546236947166, guid: 471af3af4f5c8ce469732e57b1f7e46e,
        type: 3}
      propertyPath: m_LocalRotation.w
      value: 1
      objectReference: {fileID: 0}
    - target: {fileID: 8199087546236947166, guid: 471af3af4f5c8ce469732e57b1f7e46e,
        type: 3}
      propertyPath: m_LocalRotation.x
      value: -0
      objectReference: {fileID: 0}
    - target: {fileID: 8199087546236947166, guid: 471af3af4f5c8ce469732e57b1f7e46e,
        type: 3}
      propertyPath: m_LocalRotation.y
      value: 0
      objectReference: {fileID: 0}
    - target: {fileID: 8199087546236947166, guid: 471af3af4f5c8ce469732e57b1f7e46e,
        type: 3}
      propertyPath: m_LocalRotation.z
      value: -0
      objectReference: {fileID: 0}
    - target: {fileID: 8199087546236947166, guid: 471af3af4f5c8ce469732e57b1f7e46e,
        type: 3}
      propertyPath: m_LocalEulerAnglesHint.x
      value: 0
      objectReference: {fileID: 0}
    - target: {fileID: 8199087546236947166, guid: 471af3af4f5c8ce469732e57b1f7e46e,
        type: 3}
      propertyPath: m_LocalEulerAnglesHint.y
      value: 0
      objectReference: {fileID: 0}
    - target: {fileID: 8199087546236947166, guid: 471af3af4f5c8ce469732e57b1f7e46e,
        type: 3}
      propertyPath: m_LocalEulerAnglesHint.z
      value: 0
      objectReference: {fileID: 0}
    m_RemovedComponents: []
  m_SourcePrefab: {fileID: 100100000, guid: 471af3af4f5c8ce469732e57b1f7e46e, type: 3}
--- !u!4 &3059339623763394146 stripped
Transform:
  m_CorrespondingSourceObject: {fileID: 8199087546236947166, guid: 471af3af4f5c8ce469732e57b1f7e46e,
    type: 3}
  m_PrefabInstance: {fileID: 6610711970104079548}
  m_PrefabAsset: {fileID: 0}
--- !u!1001 &6947265628510761420
PrefabInstance:
  m_ObjectHideFlags: 0
  serializedVersion: 2
  m_Modification:
    m_TransformParent: {fileID: 1984070501502794786}
    m_Modifications:
    - target: {fileID: 60996402849437470, guid: c8eabe61501ee634f800feec4ecb1080,
        type: 3}
      propertyPath: m_RootOrder
      value: 20
      objectReference: {fileID: 0}
    - target: {fileID: 60996402849437470, guid: c8eabe61501ee634f800feec4ecb1080,
        type: 3}
      propertyPath: m_LocalPosition.x
      value: -1.0101318
      objectReference: {fileID: 0}
    - target: {fileID: 60996402849437470, guid: c8eabe61501ee634f800feec4ecb1080,
        type: 3}
      propertyPath: m_LocalPosition.y
      value: 2.6399982
      objectReference: {fileID: 0}
    - target: {fileID: 60996402849437470, guid: c8eabe61501ee634f800feec4ecb1080,
        type: 3}
      propertyPath: m_LocalPosition.z
      value: 2.2600002
      objectReference: {fileID: 0}
    - target: {fileID: 60996402849437470, guid: c8eabe61501ee634f800feec4ecb1080,
        type: 3}
      propertyPath: m_LocalRotation.w
      value: -0.7070251
      objectReference: {fileID: 0}
    - target: {fileID: 60996402849437470, guid: c8eabe61501ee634f800feec4ecb1080,
        type: 3}
      propertyPath: m_LocalRotation.x
      value: -0
      objectReference: {fileID: 0}
    - target: {fileID: 60996402849437470, guid: c8eabe61501ee634f800feec4ecb1080,
        type: 3}
      propertyPath: m_LocalRotation.y
      value: 0.7071884
      objectReference: {fileID: 0}
    - target: {fileID: 60996402849437470, guid: c8eabe61501ee634f800feec4ecb1080,
        type: 3}
      propertyPath: m_LocalRotation.z
      value: -0
      objectReference: {fileID: 0}
    - target: {fileID: 60996402849437470, guid: c8eabe61501ee634f800feec4ecb1080,
        type: 3}
      propertyPath: m_LocalEulerAnglesHint.x
      value: 0
      objectReference: {fileID: 0}
    - target: {fileID: 60996402849437470, guid: c8eabe61501ee634f800feec4ecb1080,
        type: 3}
      propertyPath: m_LocalEulerAnglesHint.y
      value: 269.987
      objectReference: {fileID: 0}
    - target: {fileID: 60996402849437470, guid: c8eabe61501ee634f800feec4ecb1080,
        type: 3}
      propertyPath: m_LocalEulerAnglesHint.z
      value: 0
      objectReference: {fileID: 0}
    - target: {fileID: 60996402849437471, guid: c8eabe61501ee634f800feec4ecb1080,
        type: 3}
      propertyPath: m_Name
      value: window orange ready (26)
      objectReference: {fileID: 0}
    m_RemovedComponents: []
  m_SourcePrefab: {fileID: 100100000, guid: c8eabe61501ee634f800feec4ecb1080, type: 3}
--- !u!114 &6947265628346281481 stripped
MonoBehaviour:
  m_CorrespondingSourceObject: {fileID: 175529925, guid: c8eabe61501ee634f800feec4ecb1080,
    type: 3}
  m_PrefabInstance: {fileID: 6947265628510761420}
  m_PrefabAsset: {fileID: 0}
  m_GameObject: {fileID: 0}
  m_Enabled: 1
  m_EditorHideFlags: 0
  m_Script: {fileID: 11500000, guid: 84acdbaca5b6447097feb36c07eef96b, type: 3}
  m_Name: 
  m_EditorClassIdentifier: 
--- !u!4 &6967374976441706194 stripped
Transform:
  m_CorrespondingSourceObject: {fileID: 60996402849437470, guid: c8eabe61501ee634f800feec4ecb1080,
    type: 3}
  m_PrefabInstance: {fileID: 6947265628510761420}
  m_PrefabAsset: {fileID: 0}
--- !u!1001 &6951040251161508292
PrefabInstance:
  m_ObjectHideFlags: 0
  serializedVersion: 2
  m_Modification:
    m_TransformParent: {fileID: 1984070501502794786}
    m_Modifications:
    - target: {fileID: 1768104889, guid: 6f6bffdfc7779e84b95d369c548520c5, type: 3}
      propertyPath: _connettedWalls.Array.size
      value: 2
      objectReference: {fileID: 0}
    - target: {fileID: 1768104889, guid: 6f6bffdfc7779e84b95d369c548520c5, type: 3}
      propertyPath: _connettedWalls.Array.data[0]
      value: 
      objectReference: {fileID: 1484577477866530745}
    - target: {fileID: 1768104889, guid: 6f6bffdfc7779e84b95d369c548520c5, type: 3}
      propertyPath: _connettedWalls.Array.data[1]
      value: 
      objectReference: {fileID: 4330158170335468463}
    - target: {fileID: 1989370441720744861, guid: 6f6bffdfc7779e84b95d369c548520c5,
        type: 3}
      propertyPath: m_RootOrder
      value: 16
      objectReference: {fileID: 0}
    - target: {fileID: 1989370441720744861, guid: 6f6bffdfc7779e84b95d369c548520c5,
        type: 3}
      propertyPath: m_LocalPosition.x
      value: -2.2321167
      objectReference: {fileID: 0}
    - target: {fileID: 1989370441720744861, guid: 6f6bffdfc7779e84b95d369c548520c5,
        type: 3}
      propertyPath: m_LocalPosition.y
      value: 2.6399982
      objectReference: {fileID: 0}
    - target: {fileID: 1989370441720744861, guid: 6f6bffdfc7779e84b95d369c548520c5,
        type: 3}
      propertyPath: m_LocalPosition.z
      value: -2.2288342
      objectReference: {fileID: 0}
    - target: {fileID: 1989370441720744861, guid: 6f6bffdfc7779e84b95d369c548520c5,
        type: 3}
      propertyPath: m_LocalRotation.w
      value: 1
      objectReference: {fileID: 0}
    - target: {fileID: 1989370441720744861, guid: 6f6bffdfc7779e84b95d369c548520c5,
        type: 3}
      propertyPath: m_LocalRotation.x
      value: -0
      objectReference: {fileID: 0}
    - target: {fileID: 1989370441720744861, guid: 6f6bffdfc7779e84b95d369c548520c5,
        type: 3}
      propertyPath: m_LocalRotation.y
      value: 0
      objectReference: {fileID: 0}
    - target: {fileID: 1989370441720744861, guid: 6f6bffdfc7779e84b95d369c548520c5,
        type: 3}
      propertyPath: m_LocalRotation.z
      value: -0
      objectReference: {fileID: 0}
    - target: {fileID: 1989370441720744861, guid: 6f6bffdfc7779e84b95d369c548520c5,
        type: 3}
      propertyPath: m_LocalEulerAnglesHint.x
      value: 0
      objectReference: {fileID: 0}
    - target: {fileID: 1989370441720744861, guid: 6f6bffdfc7779e84b95d369c548520c5,
        type: 3}
      propertyPath: m_LocalEulerAnglesHint.y
      value: 0
      objectReference: {fileID: 0}
    - target: {fileID: 1989370441720744861, guid: 6f6bffdfc7779e84b95d369c548520c5,
        type: 3}
      propertyPath: m_LocalEulerAnglesHint.z
      value: 0
      objectReference: {fileID: 0}
    - target: {fileID: 1989370441720744862, guid: 6f6bffdfc7779e84b95d369c548520c5,
        type: 3}
      propertyPath: m_Name
      value: collon orange ready (19)
      objectReference: {fileID: 0}
    m_RemovedComponents: []
  m_SourcePrefab: {fileID: 100100000, guid: 6f6bffdfc7779e84b95d369c548520c5, type: 3}
--- !u!4 &8929696500435464793 stripped
Transform:
  m_CorrespondingSourceObject: {fileID: 1989370441720744861, guid: 6f6bffdfc7779e84b95d369c548520c5,
    type: 3}
  m_PrefabInstance: {fileID: 6951040251161508292}
  m_PrefabAsset: {fileID: 0}
--- !u!1001 &7136097674851323870
PrefabInstance:
  m_ObjectHideFlags: 0
  serializedVersion: 2
  m_Modification:
    m_TransformParent: {fileID: 1984070501502794786}
    m_Modifications:
    - target: {fileID: 1768104889, guid: 6f6bffdfc7779e84b95d369c548520c5, type: 3}
      propertyPath: _connettedWalls.Array.size
      value: 2
      objectReference: {fileID: 0}
    - target: {fileID: 1768104889, guid: 6f6bffdfc7779e84b95d369c548520c5, type: 3}
      propertyPath: _connettedWalls.Array.data[0]
      value: 
      objectReference: {fileID: 8927810127443737052}
    - target: {fileID: 1768104889, guid: 6f6bffdfc7779e84b95d369c548520c5, type: 3}
      propertyPath: _connettedWalls.Array.data[1]
      value: 
      objectReference: {fileID: 3907892612624752651}
    - target: {fileID: 1768104890, guid: 6f6bffdfc7779e84b95d369c548520c5, type: 3}
      propertyPath: m_IsKinematic
      value: 1
      objectReference: {fileID: 0}
    - target: {fileID: 1989370441720744861, guid: 6f6bffdfc7779e84b95d369c548520c5,
        type: 3}
      propertyPath: m_RootOrder
      value: 10
      objectReference: {fileID: 0}
    - target: {fileID: 1989370441720744861, guid: 6f6bffdfc7779e84b95d369c548520c5,
        type: 3}
      propertyPath: m_LocalPosition.x
      value: -2.2321167
      objectReference: {fileID: 0}
    - target: {fileID: 1989370441720744861, guid: 6f6bffdfc7779e84b95d369c548520c5,
        type: 3}
      propertyPath: m_LocalPosition.y
      value: 0.24045563
      objectReference: {fileID: 0}
    - target: {fileID: 1989370441720744861, guid: 6f6bffdfc7779e84b95d369c548520c5,
        type: 3}
      propertyPath: m_LocalPosition.z
      value: 2.2600002
      objectReference: {fileID: 0}
    - target: {fileID: 1989370441720744861, guid: 6f6bffdfc7779e84b95d369c548520c5,
        type: 3}
      propertyPath: m_LocalRotation.w
      value: 1
      objectReference: {fileID: 0}
    - target: {fileID: 1989370441720744861, guid: 6f6bffdfc7779e84b95d369c548520c5,
        type: 3}
      propertyPath: m_LocalRotation.x
      value: -0
      objectReference: {fileID: 0}
    - target: {fileID: 1989370441720744861, guid: 6f6bffdfc7779e84b95d369c548520c5,
        type: 3}
      propertyPath: m_LocalRotation.y
      value: 0
      objectReference: {fileID: 0}
    - target: {fileID: 1989370441720744861, guid: 6f6bffdfc7779e84b95d369c548520c5,
        type: 3}
      propertyPath: m_LocalRotation.z
      value: -0
      objectReference: {fileID: 0}
    - target: {fileID: 1989370441720744861, guid: 6f6bffdfc7779e84b95d369c548520c5,
        type: 3}
      propertyPath: m_LocalEulerAnglesHint.x
      value: 0
      objectReference: {fileID: 0}
    - target: {fileID: 1989370441720744861, guid: 6f6bffdfc7779e84b95d369c548520c5,
        type: 3}
      propertyPath: m_LocalEulerAnglesHint.y
      value: 0
      objectReference: {fileID: 0}
    - target: {fileID: 1989370441720744861, guid: 6f6bffdfc7779e84b95d369c548520c5,
        type: 3}
      propertyPath: m_LocalEulerAnglesHint.z
      value: 0
      objectReference: {fileID: 0}
    - target: {fileID: 1989370441720744862, guid: 6f6bffdfc7779e84b95d369c548520c5,
        type: 3}
      propertyPath: m_Name
      value: collon orange ready (2)
      objectReference: {fileID: 0}
    m_RemovedComponents: []
  m_SourcePrefab: {fileID: 100100000, guid: 6f6bffdfc7779e84b95d369c548520c5, type: 3}
--- !u!4 &8688335276569543747 stripped
Transform:
  m_CorrespondingSourceObject: {fileID: 1989370441720744861, guid: 6f6bffdfc7779e84b95d369c548520c5,
    type: 3}
  m_PrefabInstance: {fileID: 7136097674851323870}
  m_PrefabAsset: {fileID: 0}
--- !u!1001 &7699210764211050631
PrefabInstance:
  m_ObjectHideFlags: 0
  serializedVersion: 2
  m_Modification:
    m_TransformParent: {fileID: 1984070501502794786}
    m_Modifications:
    - target: {fileID: 175529926, guid: c8eabe61501ee634f800feec4ecb1080, type: 3}
      propertyPath: m_IsKinematic
      value: 1
      objectReference: {fileID: 0}
    - target: {fileID: 60996402849437470, guid: c8eabe61501ee634f800feec4ecb1080,
        type: 3}
      propertyPath: m_RootOrder
      value: 5
      objectReference: {fileID: 0}
    - target: {fileID: 60996402849437470, guid: c8eabe61501ee634f800feec4ecb1080,
        type: 3}
      propertyPath: m_LocalPosition.x
      value: -1.0101318
      objectReference: {fileID: 0}
    - target: {fileID: 60996402849437470, guid: c8eabe61501ee634f800feec4ecb1080,
        type: 3}
      propertyPath: m_LocalPosition.y
      value: 0.24045563
      objectReference: {fileID: 0}
    - target: {fileID: 60996402849437470, guid: c8eabe61501ee634f800feec4ecb1080,
        type: 3}
      propertyPath: m_LocalPosition.z
      value: -2.2700005
      objectReference: {fileID: 0}
    - target: {fileID: 60996402849437470, guid: c8eabe61501ee634f800feec4ecb1080,
        type: 3}
      propertyPath: m_LocalRotation.w
      value: 0.7071569
      objectReference: {fileID: 0}
    - target: {fileID: 60996402849437470, guid: c8eabe61501ee634f800feec4ecb1080,
        type: 3}
      propertyPath: m_LocalRotation.x
      value: -0
      objectReference: {fileID: 0}
    - target: {fileID: 60996402849437470, guid: c8eabe61501ee634f800feec4ecb1080,
        type: 3}
      propertyPath: m_LocalRotation.y
      value: 0.70705664
      objectReference: {fileID: 0}
    - target: {fileID: 60996402849437470, guid: c8eabe61501ee634f800feec4ecb1080,
        type: 3}
      propertyPath: m_LocalRotation.z
      value: -0
      objectReference: {fileID: 0}
    - target: {fileID: 60996402849437470, guid: c8eabe61501ee634f800feec4ecb1080,
        type: 3}
      propertyPath: m_LocalEulerAnglesHint.x
      value: 0
      objectReference: {fileID: 0}
    - target: {fileID: 60996402849437470, guid: c8eabe61501ee634f800feec4ecb1080,
        type: 3}
      propertyPath: m_LocalEulerAnglesHint.y
      value: 89.992
      objectReference: {fileID: 0}
    - target: {fileID: 60996402849437470, guid: c8eabe61501ee634f800feec4ecb1080,
        type: 3}
      propertyPath: m_LocalEulerAnglesHint.z
      value: 0
      objectReference: {fileID: 0}
    - target: {fileID: 60996402849437471, guid: c8eabe61501ee634f800feec4ecb1080,
        type: 3}
      propertyPath: m_Name
      value: window orange ready (1)
      objectReference: {fileID: 0}
    m_RemovedComponents: []
  m_SourcePrefab: {fileID: 100100000, guid: c8eabe61501ee634f800feec4ecb1080, type: 3}
--- !u!4 &7638567322990612377 stripped
Transform:
  m_CorrespondingSourceObject: {fileID: 60996402849437470, guid: c8eabe61501ee634f800feec4ecb1080,
    type: 3}
  m_PrefabInstance: {fileID: 7699210764211050631}
  m_PrefabAsset: {fileID: 0}
--- !u!114 &7699210764046796610 stripped
MonoBehaviour:
  m_CorrespondingSourceObject: {fileID: 175529925, guid: c8eabe61501ee634f800feec4ecb1080,
    type: 3}
  m_PrefabInstance: {fileID: 7699210764211050631}
  m_PrefabAsset: {fileID: 0}
  m_GameObject: {fileID: 0}
  m_Enabled: 1
  m_EditorHideFlags: 0
  m_Script: {fileID: 11500000, guid: 84acdbaca5b6447097feb36c07eef96b, type: 3}
  m_Name: 
  m_EditorClassIdentifier: 
--- !u!1001 &7763732963808069356
PrefabInstance:
  m_ObjectHideFlags: 0
  serializedVersion: 2
  m_Modification:
    m_TransformParent: {fileID: 1984070501502794786}
    m_Modifications:
    - target: {fileID: 1768104889, guid: 6f6bffdfc7779e84b95d369c548520c5, type: 3}
      propertyPath: _connettedWalls.Array.size
      value: 2
      objectReference: {fileID: 0}
    - target: {fileID: 1768104889, guid: 6f6bffdfc7779e84b95d369c548520c5, type: 3}
      propertyPath: _connettedWalls.Array.data[0]
      value: 
      objectReference: {fileID: 8975238683159059216}
    - target: {fileID: 1768104889, guid: 6f6bffdfc7779e84b95d369c548520c5, type: 3}
      propertyPath: _connettedWalls.Array.data[1]
      value: 
      objectReference: {fileID: 1253170025524311329}
    - target: {fileID: 1768104890, guid: 6f6bffdfc7779e84b95d369c548520c5, type: 3}
      propertyPath: m_IsKinematic
      value: 1
      objectReference: {fileID: 0}
    - target: {fileID: 1989370441720744861, guid: 6f6bffdfc7779e84b95d369c548520c5,
        type: 3}
      propertyPath: m_RootOrder
      value: 2
      objectReference: {fileID: 0}
    - target: {fileID: 1989370441720744861, guid: 6f6bffdfc7779e84b95d369c548520c5,
        type: 3}
      propertyPath: m_LocalPosition.x
      value: 2.216919
      objectReference: {fileID: 0}
    - target: {fileID: 1989370441720744861, guid: 6f6bffdfc7779e84b95d369c548520c5,
        type: 3}
      propertyPath: m_LocalPosition.y
      value: 0.24045563
      objectReference: {fileID: 0}
    - target: {fileID: 1989370441720744861, guid: 6f6bffdfc7779e84b95d369c548520c5,
        type: 3}
      propertyPath: m_LocalPosition.z
      value: -2.2288342
      objectReference: {fileID: 0}
    - target: {fileID: 1989370441720744861, guid: 6f6bffdfc7779e84b95d369c548520c5,
        type: 3}
      propertyPath: m_LocalRotation.w
      value: 1
      objectReference: {fileID: 0}
    - target: {fileID: 1989370441720744861, guid: 6f6bffdfc7779e84b95d369c548520c5,
        type: 3}
      propertyPath: m_LocalRotation.x
      value: -0
      objectReference: {fileID: 0}
    - target: {fileID: 1989370441720744861, guid: 6f6bffdfc7779e84b95d369c548520c5,
        type: 3}
      propertyPath: m_LocalRotation.y
      value: 0
      objectReference: {fileID: 0}
    - target: {fileID: 1989370441720744861, guid: 6f6bffdfc7779e84b95d369c548520c5,
        type: 3}
      propertyPath: m_LocalRotation.z
      value: -0
      objectReference: {fileID: 0}
    - target: {fileID: 1989370441720744861, guid: 6f6bffdfc7779e84b95d369c548520c5,
        type: 3}
      propertyPath: m_LocalEulerAnglesHint.x
      value: 0
      objectReference: {fileID: 0}
    - target: {fileID: 1989370441720744861, guid: 6f6bffdfc7779e84b95d369c548520c5,
        type: 3}
      propertyPath: m_LocalEulerAnglesHint.y
      value: 0
      objectReference: {fileID: 0}
    - target: {fileID: 1989370441720744861, guid: 6f6bffdfc7779e84b95d369c548520c5,
        type: 3}
      propertyPath: m_LocalEulerAnglesHint.z
      value: 0
      objectReference: {fileID: 0}
    - target: {fileID: 1989370441720744862, guid: 6f6bffdfc7779e84b95d369c548520c5,
        type: 3}
      propertyPath: m_Name
      value: collon orange ready
      objectReference: {fileID: 0}
    m_RemovedComponents: []
  m_SourcePrefab: {fileID: 100100000, guid: 6f6bffdfc7779e84b95d369c548520c5, type: 3}
--- !u!4 &8081137920421399921 stripped
Transform:
  m_CorrespondingSourceObject: {fileID: 1989370441720744861, guid: 6f6bffdfc7779e84b95d369c548520c5,
    type: 3}
  m_PrefabInstance: {fileID: 7763732963808069356}
  m_PrefabAsset: {fileID: 0}
--- !u!1001 &7887425887831570773
PrefabInstance:
  m_ObjectHideFlags: 0
  serializedVersion: 2
  m_Modification:
    m_TransformParent: {fileID: 1984070501502794786}
    m_Modifications:
    - target: {fileID: 8199087546236947165, guid: 471af3af4f5c8ce469732e57b1f7e46e,
        type: 3}
      propertyPath: m_Name
      value: platform 2x2 ready (7)
      objectReference: {fileID: 0}
    - target: {fileID: 8199087546236947166, guid: 471af3af4f5c8ce469732e57b1f7e46e,
        type: 3}
      propertyPath: m_RootOrder
      value: 12
      objectReference: {fileID: 0}
    - target: {fileID: 8199087546236947166, guid: 471af3af4f5c8ce469732e57b1f7e46e,
        type: 3}
      propertyPath: m_LocalPosition.x
      value: 0
      objectReference: {fileID: 0}
    - target: {fileID: 8199087546236947166, guid: 471af3af4f5c8ce469732e57b1f7e46e,
        type: 3}
      propertyPath: m_LocalPosition.y
      value: 2.23
      objectReference: {fileID: 0}
    - target: {fileID: 8199087546236947166, guid: 471af3af4f5c8ce469732e57b1f7e46e,
        type: 3}
      propertyPath: m_LocalPosition.z
      value: 0
      objectReference: {fileID: 0}
    - target: {fileID: 8199087546236947166, guid: 471af3af4f5c8ce469732e57b1f7e46e,
        type: 3}
      propertyPath: m_LocalRotation.w
      value: 1
      objectReference: {fileID: 0}
    - target: {fileID: 8199087546236947166, guid: 471af3af4f5c8ce469732e57b1f7e46e,
        type: 3}
      propertyPath: m_LocalRotation.x
      value: -0
      objectReference: {fileID: 0}
    - target: {fileID: 8199087546236947166, guid: 471af3af4f5c8ce469732e57b1f7e46e,
        type: 3}
      propertyPath: m_LocalRotation.y
      value: 0
      objectReference: {fileID: 0}
    - target: {fileID: 8199087546236947166, guid: 471af3af4f5c8ce469732e57b1f7e46e,
        type: 3}
      propertyPath: m_LocalRotation.z
      value: -0
      objectReference: {fileID: 0}
    - target: {fileID: 8199087546236947166, guid: 471af3af4f5c8ce469732e57b1f7e46e,
        type: 3}
      propertyPath: m_LocalEulerAnglesHint.x
      value: 0
      objectReference: {fileID: 0}
    - target: {fileID: 8199087546236947166, guid: 471af3af4f5c8ce469732e57b1f7e46e,
        type: 3}
      propertyPath: m_LocalEulerAnglesHint.y
      value: 0
      objectReference: {fileID: 0}
    - target: {fileID: 8199087546236947166, guid: 471af3af4f5c8ce469732e57b1f7e46e,
        type: 3}
      propertyPath: m_LocalEulerAnglesHint.z
      value: 0
      objectReference: {fileID: 0}
    m_RemovedComponents: []
  m_SourcePrefab: {fileID: 100100000, guid: 471af3af4f5c8ce469732e57b1f7e46e, type: 3}
--- !u!4 &2070748323469587339 stripped
Transform:
  m_CorrespondingSourceObject: {fileID: 8199087546236947166, guid: 471af3af4f5c8ce469732e57b1f7e46e,
    type: 3}
  m_PrefabInstance: {fileID: 7887425887831570773}
  m_PrefabAsset: {fileID: 0}
--- !u!1001 &7993965854938537091
PrefabInstance:
  m_ObjectHideFlags: 0
  serializedVersion: 2
  m_Modification:
    m_TransformParent: {fileID: 1984070501502794786}
    m_Modifications:
    - target: {fileID: 1768104889, guid: 6f6bffdfc7779e84b95d369c548520c5, type: 3}
      propertyPath: _connettedWalls.Array.size
      value: 2
      objectReference: {fileID: 0}
    - target: {fileID: 1768104889, guid: 6f6bffdfc7779e84b95d369c548520c5, type: 3}
      propertyPath: _connettedWalls.Array.data[0]
      value: 
      objectReference: {fileID: 4006482489539554729}
    - target: {fileID: 1768104889, guid: 6f6bffdfc7779e84b95d369c548520c5, type: 3}
      propertyPath: _connettedWalls.Array.data[1]
      value: 
      objectReference: {fileID: 5313144967623501351}
    - target: {fileID: 1768104890, guid: 6f6bffdfc7779e84b95d369c548520c5, type: 3}
      propertyPath: m_IsKinematic
      value: 1
      objectReference: {fileID: 0}
    - target: {fileID: 1989370441720744861, guid: 6f6bffdfc7779e84b95d369c548520c5,
        type: 3}
      propertyPath: m_RootOrder
      value: 4
      objectReference: {fileID: 0}
    - target: {fileID: 1989370441720744861, guid: 6f6bffdfc7779e84b95d369c548520c5,
        type: 3}
      propertyPath: m_LocalPosition.x
      value: 2.216919
      objectReference: {fileID: 0}
    - target: {fileID: 1989370441720744861, guid: 6f6bffdfc7779e84b95d369c548520c5,
        type: 3}
      propertyPath: m_LocalPosition.y
      value: 0.24045563
      objectReference: {fileID: 0}
    - target: {fileID: 1989370441720744861, guid: 6f6bffdfc7779e84b95d369c548520c5,
        type: 3}
      propertyPath: m_LocalPosition.z
      value: 2.2600002
      objectReference: {fileID: 0}
    - target: {fileID: 1989370441720744861, guid: 6f6bffdfc7779e84b95d369c548520c5,
        type: 3}
      propertyPath: m_LocalRotation.w
      value: 1
      objectReference: {fileID: 0}
    - target: {fileID: 1989370441720744861, guid: 6f6bffdfc7779e84b95d369c548520c5,
        type: 3}
      propertyPath: m_LocalRotation.x
      value: -0
      objectReference: {fileID: 0}
    - target: {fileID: 1989370441720744861, guid: 6f6bffdfc7779e84b95d369c548520c5,
        type: 3}
      propertyPath: m_LocalRotation.y
      value: 0
      objectReference: {fileID: 0}
    - target: {fileID: 1989370441720744861, guid: 6f6bffdfc7779e84b95d369c548520c5,
        type: 3}
      propertyPath: m_LocalRotation.z
      value: -0
      objectReference: {fileID: 0}
    - target: {fileID: 1989370441720744861, guid: 6f6bffdfc7779e84b95d369c548520c5,
        type: 3}
      propertyPath: m_LocalEulerAnglesHint.x
      value: 0
      objectReference: {fileID: 0}
    - target: {fileID: 1989370441720744861, guid: 6f6bffdfc7779e84b95d369c548520c5,
        type: 3}
      propertyPath: m_LocalEulerAnglesHint.y
      value: 0
      objectReference: {fileID: 0}
    - target: {fileID: 1989370441720744861, guid: 6f6bffdfc7779e84b95d369c548520c5,
        type: 3}
      propertyPath: m_LocalEulerAnglesHint.z
      value: 0
      objectReference: {fileID: 0}
    - target: {fileID: 1989370441720744862, guid: 6f6bffdfc7779e84b95d369c548520c5,
        type: 3}
      propertyPath: m_Name
      value: collon orange ready (1)
      objectReference: {fileID: 0}
    m_RemovedComponents: []
  m_SourcePrefab: {fileID: 100100000, guid: 6f6bffdfc7779e84b95d369c548520c5, type: 3}
--- !u!4 &8461116321652528926 stripped
Transform:
  m_CorrespondingSourceObject: {fileID: 1989370441720744861, guid: 6f6bffdfc7779e84b95d369c548520c5,
    type: 3}
  m_PrefabInstance: {fileID: 7993965854938537091}
  m_PrefabAsset: {fileID: 0}
--- !u!1001 &8319780038457380109
PrefabInstance:
  m_ObjectHideFlags: 0
  serializedVersion: 2
  m_Modification:
    m_TransformParent: {fileID: 1984070501502794786}
    m_Modifications:
    - target: {fileID: 1768104889, guid: 6f6bffdfc7779e84b95d369c548520c5, type: 3}
      propertyPath: _connettedWalls.Array.size
      value: 2
      objectReference: {fileID: 0}
    - target: {fileID: 1768104889, guid: 6f6bffdfc7779e84b95d369c548520c5, type: 3}
      propertyPath: _connettedWalls.Array.data[0]
      value: 
      objectReference: {fileID: 5899928103549393338}
    - target: {fileID: 1768104889, guid: 6f6bffdfc7779e84b95d369c548520c5, type: 3}
      propertyPath: _connettedWalls.Array.data[1]
      value: 
      objectReference: {fileID: 2612228105143228768}
    - target: {fileID: 1989370441720744861, guid: 6f6bffdfc7779e84b95d369c548520c5,
        type: 3}
      propertyPath: m_RootOrder
      value: 23
      objectReference: {fileID: 0}
    - target: {fileID: 1989370441720744861, guid: 6f6bffdfc7779e84b95d369c548520c5,
        type: 3}
      propertyPath: m_LocalPosition.x
      value: 2.216919
      objectReference: {fileID: 0}
    - target: {fileID: 1989370441720744861, guid: 6f6bffdfc7779e84b95d369c548520c5,
        type: 3}
      propertyPath: m_LocalPosition.y
      value: 2.6399982
      objectReference: {fileID: 0}
    - target: {fileID: 1989370441720744861, guid: 6f6bffdfc7779e84b95d369c548520c5,
        type: 3}
      propertyPath: m_LocalPosition.z
      value: 2.2600002
      objectReference: {fileID: 0}
    - target: {fileID: 1989370441720744861, guid: 6f6bffdfc7779e84b95d369c548520c5,
        type: 3}
      propertyPath: m_LocalRotation.w
      value: 1
      objectReference: {fileID: 0}
    - target: {fileID: 1989370441720744861, guid: 6f6bffdfc7779e84b95d369c548520c5,
        type: 3}
      propertyPath: m_LocalRotation.x
      value: -0
      objectReference: {fileID: 0}
    - target: {fileID: 1989370441720744861, guid: 6f6bffdfc7779e84b95d369c548520c5,
        type: 3}
      propertyPath: m_LocalRotation.y
      value: 0
      objectReference: {fileID: 0}
    - target: {fileID: 1989370441720744861, guid: 6f6bffdfc7779e84b95d369c548520c5,
        type: 3}
      propertyPath: m_LocalRotation.z
      value: -0
      objectReference: {fileID: 0}
    - target: {fileID: 1989370441720744861, guid: 6f6bffdfc7779e84b95d369c548520c5,
        type: 3}
      propertyPath: m_LocalEulerAnglesHint.x
      value: 0
      objectReference: {fileID: 0}
    - target: {fileID: 1989370441720744861, guid: 6f6bffdfc7779e84b95d369c548520c5,
        type: 3}
      propertyPath: m_LocalEulerAnglesHint.y
      value: 0
      objectReference: {fileID: 0}
    - target: {fileID: 1989370441720744861, guid: 6f6bffdfc7779e84b95d369c548520c5,
        type: 3}
      propertyPath: m_LocalEulerAnglesHint.z
      value: 0
      objectReference: {fileID: 0}
    - target: {fileID: 1989370441720744862, guid: 6f6bffdfc7779e84b95d369c548520c5,
        type: 3}
      propertyPath: m_Name
      value: collon orange ready (17)
      objectReference: {fileID: 0}
    m_RemovedComponents: []
  m_SourcePrefab: {fileID: 100100000, guid: 6f6bffdfc7779e84b95d369c548520c5, type: 3}
--- !u!4 &7561088838547670672 stripped
Transform:
  m_CorrespondingSourceObject: {fileID: 1989370441720744861, guid: 6f6bffdfc7779e84b95d369c548520c5,
    type: 3}
  m_PrefabInstance: {fileID: 8319780038457380109}
  m_PrefabAsset: {fileID: 0}
--- !u!1001 &8901999837603377953
PrefabInstance:
  m_ObjectHideFlags: 0
  serializedVersion: 2
  m_Modification:
    m_TransformParent: {fileID: 1984070501502794786}
    m_Modifications:
    - target: {fileID: 4327411407141173604, guid: d01155fd06cb52643b84507b6615829c,
        type: 3}
      propertyPath: m_RootOrder
      value: 17
      objectReference: {fileID: 0}
    - target: {fileID: 4327411407141173604, guid: d01155fd06cb52643b84507b6615829c,
        type: 3}
      propertyPath: m_LocalPosition.x
      value: -2.2311707
      objectReference: {fileID: 0}
    - target: {fileID: 4327411407141173604, guid: d01155fd06cb52643b84507b6615829c,
        type: 3}
      propertyPath: m_LocalPosition.y
      value: 2.6399982
      objectReference: {fileID: 0}
    - target: {fileID: 4327411407141173604, guid: d01155fd06cb52643b84507b6615829c,
        type: 3}
      propertyPath: m_LocalPosition.z
      value: 1.0200005
      objectReference: {fileID: 0}
    - target: {fileID: 4327411407141173604, guid: d01155fd06cb52643b84507b6615829c,
        type: 3}
      propertyPath: m_LocalRotation.w
      value: 1
      objectReference: {fileID: 0}
    - target: {fileID: 4327411407141173604, guid: d01155fd06cb52643b84507b6615829c,
        type: 3}
      propertyPath: m_LocalRotation.x
      value: -0
      objectReference: {fileID: 0}
    - target: {fileID: 4327411407141173604, guid: d01155fd06cb52643b84507b6615829c,
        type: 3}
      propertyPath: m_LocalRotation.y
      value: 0
      objectReference: {fileID: 0}
    - target: {fileID: 4327411407141173604, guid: d01155fd06cb52643b84507b6615829c,
        type: 3}
      propertyPath: m_LocalRotation.z
      value: -0
      objectReference: {fileID: 0}
    - target: {fileID: 4327411407141173604, guid: d01155fd06cb52643b84507b6615829c,
        type: 3}
      propertyPath: m_LocalEulerAnglesHint.x
      value: 0
      objectReference: {fileID: 0}
    - target: {fileID: 4327411407141173604, guid: d01155fd06cb52643b84507b6615829c,
        type: 3}
      propertyPath: m_LocalEulerAnglesHint.y
      value: 0
      objectReference: {fileID: 0}
    - target: {fileID: 4327411407141173604, guid: d01155fd06cb52643b84507b6615829c,
        type: 3}
      propertyPath: m_LocalEulerAnglesHint.z
      value: 0
      objectReference: {fileID: 0}
    - target: {fileID: 4327411407141173605, guid: d01155fd06cb52643b84507b6615829c,
        type: 3}
      propertyPath: m_Name
      value: wall orange ready (10)
      objectReference: {fileID: 0}
    m_RemovedComponents: []
  m_SourcePrefab: {fileID: 100100000, guid: d01155fd06cb52643b84507b6615829c, type: 3}
--- !u!4 &5153327508333021765 stripped
Transform:
  m_CorrespondingSourceObject: {fileID: 4327411407141173604, guid: d01155fd06cb52643b84507b6615829c,
    type: 3}
  m_PrefabInstance: {fileID: 8901999837603377953}
  m_PrefabAsset: {fileID: 0}
--- !u!114 &8901999835987778042 stripped
MonoBehaviour:
  m_CorrespondingSourceObject: {fileID: 1615604443, guid: d01155fd06cb52643b84507b6615829c,
    type: 3}
  m_PrefabInstance: {fileID: 8901999837603377953}
  m_PrefabAsset: {fileID: 0}
  m_GameObject: {fileID: 0}
  m_Enabled: 1
  m_EditorHideFlags: 0
  m_Script: {fileID: 11500000, guid: 84acdbaca5b6447097feb36c07eef96b, type: 3}
  m_Name: 
  m_EditorClassIdentifier: 
--- !u!1001 &8927810127606408729
PrefabInstance:
  m_ObjectHideFlags: 0
  serializedVersion: 2
  m_Modification:
    m_TransformParent: {fileID: 1984070501502794786}
    m_Modifications:
    - target: {fileID: 175529926, guid: c8eabe61501ee634f800feec4ecb1080, type: 3}
      propertyPath: m_IsKinematic
      value: 1
      objectReference: {fileID: 0}
    - target: {fileID: 60996402849437470, guid: c8eabe61501ee634f800feec4ecb1080,
        type: 3}
      propertyPath: m_RootOrder
      value: 7
      objectReference: {fileID: 0}
    - target: {fileID: 60996402849437470, guid: c8eabe61501ee634f800feec4ecb1080,
        type: 3}
      propertyPath: m_LocalPosition.x
      value: -1.0101318
      objectReference: {fileID: 0}
    - target: {fileID: 60996402849437470, guid: c8eabe61501ee634f800feec4ecb1080,
        type: 3}
      propertyPath: m_LocalPosition.y
      value: 0.24045563
      objectReference: {fileID: 0}
    - target: {fileID: 60996402849437470, guid: c8eabe61501ee634f800feec4ecb1080,
        type: 3}
      propertyPath: m_LocalPosition.z
      value: 2.2600002
      objectReference: {fileID: 0}
    - target: {fileID: 60996402849437470, guid: c8eabe61501ee634f800feec4ecb1080,
        type: 3}
      propertyPath: m_LocalRotation.w
      value: -0.7070251
      objectReference: {fileID: 0}
    - target: {fileID: 60996402849437470, guid: c8eabe61501ee634f800feec4ecb1080,
        type: 3}
      propertyPath: m_LocalRotation.x
      value: -0
      objectReference: {fileID: 0}
    - target: {fileID: 60996402849437470, guid: c8eabe61501ee634f800feec4ecb1080,
        type: 3}
      propertyPath: m_LocalRotation.y
      value: 0.7071884
      objectReference: {fileID: 0}
    - target: {fileID: 60996402849437470, guid: c8eabe61501ee634f800feec4ecb1080,
        type: 3}
      propertyPath: m_LocalRotation.z
      value: -0
      objectReference: {fileID: 0}
    - target: {fileID: 60996402849437470, guid: c8eabe61501ee634f800feec4ecb1080,
        type: 3}
      propertyPath: m_LocalEulerAnglesHint.x
      value: 0
      objectReference: {fileID: 0}
    - target: {fileID: 60996402849437470, guid: c8eabe61501ee634f800feec4ecb1080,
        type: 3}
      propertyPath: m_LocalEulerAnglesHint.y
      value: 269.987
      objectReference: {fileID: 0}
    - target: {fileID: 60996402849437470, guid: c8eabe61501ee634f800feec4ecb1080,
        type: 3}
      propertyPath: m_LocalEulerAnglesHint.z
      value: 0
      objectReference: {fileID: 0}
    - target: {fileID: 60996402849437471, guid: c8eabe61501ee634f800feec4ecb1080,
        type: 3}
      propertyPath: m_Name
      value: window orange ready (2)
      objectReference: {fileID: 0}
    m_RemovedComponents: []
  m_SourcePrefab: {fileID: 100100000, guid: c8eabe61501ee634f800feec4ecb1080, type: 3}
--- !u!4 &8880333092648628487 stripped
Transform:
  m_CorrespondingSourceObject: {fileID: 60996402849437470, guid: c8eabe61501ee634f800feec4ecb1080,
    type: 3}
  m_PrefabInstance: {fileID: 8927810127606408729}
  m_PrefabAsset: {fileID: 0}
--- !u!114 &8927810127443737052 stripped
MonoBehaviour:
  m_CorrespondingSourceObject: {fileID: 175529925, guid: c8eabe61501ee634f800feec4ecb1080,
    type: 3}
  m_PrefabInstance: {fileID: 8927810127606408729}
  m_PrefabAsset: {fileID: 0}
  m_GameObject: {fileID: 0}
  m_Enabled: 1
  m_EditorHideFlags: 0
  m_Script: {fileID: 11500000, guid: 84acdbaca5b6447097feb36c07eef96b, type: 3}
  m_Name: 
  m_EditorClassIdentifier: 
--- !u!1001 &8975238683065844949
PrefabInstance:
  m_ObjectHideFlags: 0
  serializedVersion: 2
  m_Modification:
    m_TransformParent: {fileID: 1984070501502794786}
    m_Modifications:
    - target: {fileID: 175529926, guid: c8eabe61501ee634f800feec4ecb1080, type: 3}
      propertyPath: m_IsKinematic
      value: 1
      objectReference: {fileID: 0}
    - target: {fileID: 60996402849437470, guid: c8eabe61501ee634f800feec4ecb1080,
        type: 3}
      propertyPath: m_RootOrder
      value: 1
      objectReference: {fileID: 0}
    - target: {fileID: 60996402849437470, guid: c8eabe61501ee634f800feec4ecb1080,
        type: 3}
      propertyPath: m_LocalPosition.x
      value: 0.9888611
      objectReference: {fileID: 0}
    - target: {fileID: 60996402849437470, guid: c8eabe61501ee634f800feec4ecb1080,
        type: 3}
      propertyPath: m_LocalPosition.y
      value: 0.24045563
      objectReference: {fileID: 0}
    - target: {fileID: 60996402849437470, guid: c8eabe61501ee634f800feec4ecb1080,
        type: 3}
      propertyPath: m_LocalPosition.z
      value: -2.2700005
      objectReference: {fileID: 0}
    - target: {fileID: 60996402849437470, guid: c8eabe61501ee634f800feec4ecb1080,
        type: 3}
      propertyPath: m_LocalRotation.w
      value: 0.7071569
      objectReference: {fileID: 0}
    - target: {fileID: 60996402849437470, guid: c8eabe61501ee634f800feec4ecb1080,
        type: 3}
      propertyPath: m_LocalRotation.x
      value: -0
      objectReference: {fileID: 0}
    - target: {fileID: 60996402849437470, guid: c8eabe61501ee634f800feec4ecb1080,
        type: 3}
      propertyPath: m_LocalRotation.y
      value: 0.70705664
      objectReference: {fileID: 0}
    - target: {fileID: 60996402849437470, guid: c8eabe61501ee634f800feec4ecb1080,
        type: 3}
      propertyPath: m_LocalRotation.z
      value: -0
      objectReference: {fileID: 0}
    - target: {fileID: 60996402849437470, guid: c8eabe61501ee634f800feec4ecb1080,
        type: 3}
      propertyPath: m_LocalEulerAnglesHint.x
      value: 0
      objectReference: {fileID: 0}
    - target: {fileID: 60996402849437470, guid: c8eabe61501ee634f800feec4ecb1080,
        type: 3}
      propertyPath: m_LocalEulerAnglesHint.y
      value: 89.992
      objectReference: {fileID: 0}
    - target: {fileID: 60996402849437470, guid: c8eabe61501ee634f800feec4ecb1080,
        type: 3}
      propertyPath: m_LocalEulerAnglesHint.z
      value: 0
      objectReference: {fileID: 0}
    - target: {fileID: 60996402849437471, guid: c8eabe61501ee634f800feec4ecb1080,
        type: 3}
      propertyPath: m_Name
      value: window orange ready
      objectReference: {fileID: 0}
    m_RemovedComponents: []
  m_SourcePrefab: {fileID: 100100000, guid: c8eabe61501ee634f800feec4ecb1080, type: 3}
--- !u!4 &8959568274561356747 stripped
Transform:
  m_CorrespondingSourceObject: {fileID: 60996402849437470, guid: c8eabe61501ee634f800feec4ecb1080,
    type: 3}
  m_PrefabInstance: {fileID: 8975238683065844949}
  m_PrefabAsset: {fileID: 0}
--- !u!114 &8975238683159059216 stripped
MonoBehaviour:
  m_CorrespondingSourceObject: {fileID: 175529925, guid: c8eabe61501ee634f800feec4ecb1080,
    type: 3}
  m_PrefabInstance: {fileID: 8975238683065844949}
  m_PrefabAsset: {fileID: 0}
  m_GameObject: {fileID: 0}
  m_Enabled: 1
  m_EditorHideFlags: 0
  m_Script: {fileID: 11500000, guid: 84acdbaca5b6447097feb36c07eef96b, type: 3}
  m_Name: 
  m_EditorClassIdentifier: 
--- !u!1001 &9071696770276115890
PrefabInstance:
  m_ObjectHideFlags: 0
  serializedVersion: 2
  m_Modification:
    m_TransformParent: {fileID: 1984070501502794786}
    m_Modifications:
    - target: {fileID: 60996402849437470, guid: c8eabe61501ee634f800feec4ecb1080,
        type: 3}
      propertyPath: m_RootOrder
      value: 25
      objectReference: {fileID: 0}
    - target: {fileID: 60996402849437470, guid: c8eabe61501ee634f800feec4ecb1080,
        type: 3}
      propertyPath: m_LocalPosition.x
      value: 2.2118835
      objectReference: {fileID: 0}
    - target: {fileID: 60996402849437470, guid: c8eabe61501ee634f800feec4ecb1080,
        type: 3}
      propertyPath: m_LocalPosition.y
      value: 2.6399982
      objectReference: {fileID: 0}
    - target: {fileID: 60996402849437470, guid: c8eabe61501ee634f800feec4ecb1080,
        type: 3}
      propertyPath: m_LocalPosition.z
      value: -0.9909992
      objectReference: {fileID: 0}
    - target: {fileID: 60996402849437470, guid: c8eabe61501ee634f800feec4ecb1080,
        type: 3}
      propertyPath: m_LocalRotation.w
      value: 1
      objectReference: {fileID: 0}
    - target: {fileID: 60996402849437470, guid: c8eabe61501ee634f800feec4ecb1080,
        type: 3}
      propertyPath: m_LocalRotation.x
      value: -0
      objectReference: {fileID: 0}
    - target: {fileID: 60996402849437470, guid: c8eabe61501ee634f800feec4ecb1080,
        type: 3}
      propertyPath: m_LocalRotation.y
      value: -0.000047042966
      objectReference: {fileID: 0}
    - target: {fileID: 60996402849437470, guid: c8eabe61501ee634f800feec4ecb1080,
        type: 3}
      propertyPath: m_LocalRotation.z
      value: -0
      objectReference: {fileID: 0}
    - target: {fileID: 60996402849437470, guid: c8eabe61501ee634f800feec4ecb1080,
        type: 3}
      propertyPath: m_LocalEulerAnglesHint.x
      value: 0
      objectReference: {fileID: 0}
    - target: {fileID: 60996402849437470, guid: c8eabe61501ee634f800feec4ecb1080,
        type: 3}
      propertyPath: m_LocalEulerAnglesHint.y
      value: -0.005
      objectReference: {fileID: 0}
    - target: {fileID: 60996402849437470, guid: c8eabe61501ee634f800feec4ecb1080,
        type: 3}
      propertyPath: m_LocalEulerAnglesHint.z
      value: 0
      objectReference: {fileID: 0}
    - target: {fileID: 60996402849437471, guid: c8eabe61501ee634f800feec4ecb1080,
        type: 3}
      propertyPath: m_Name
      value: window orange ready (23)
      objectReference: {fileID: 0}
    m_RemovedComponents: []
  m_SourcePrefab: {fileID: 100100000, guid: c8eabe61501ee634f800feec4ecb1080, type: 3}
--- !u!4 &9024536086494778028 stripped
Transform:
  m_CorrespondingSourceObject: {fileID: 60996402849437470, guid: c8eabe61501ee634f800feec4ecb1080,
    type: 3}
  m_PrefabInstance: {fileID: 9071696770276115890}
  m_PrefabAsset: {fileID: 0}
--- !u!114 &9071696770105055863 stripped
MonoBehaviour:
  m_CorrespondingSourceObject: {fileID: 175529925, guid: c8eabe61501ee634f800feec4ecb1080,
    type: 3}
  m_PrefabInstance: {fileID: 9071696770276115890}
  m_PrefabAsset: {fileID: 0}
  m_GameObject: {fileID: 0}
  m_Enabled: 1
  m_EditorHideFlags: 0
  m_Script: {fileID: 11500000, guid: 84acdbaca5b6447097feb36c07eef96b, type: 3}
  m_Name: 
  m_EditorClassIdentifier: 
